 Dungeon Crawl Stone Soup version 0.31-a0-1147-g46bab52692 (webtiles) character file.

Game seed: 13562243653933382230

1638251 EnegeticOcto the Contaminator (level 26, 185/185 HPs)
             Began as a Felid Chaos Knight on Dec 6, 2023.
             Was a Favourite Plaything of Xom.
             Escaped with the Orb
             ... and 3 runes on Dec 7, 2023!
             The game lasted 02:44:48 (70825 turns).

EnegeticOcto the Contaminator (Felid Chaos Knight) Turns: 70825, Time: 02:44:48

Health: 185/185    AC: 27    Str: 18    XL:     26   Next: 2%
Magic:  42/42      EV: 56    Int: 14    God:    Xom [*.....]
Gold:   3418       SH:  6    Dex: 39    Spells: 13/53 levels left
                                        Lives:  2   Deaths: 3

rFire   + +          +
                       - Unarmed
rCold   . . .        (shield unavailable)
rNeg    + + .        (body armour unavailable)
rPois   ∞            (helmet unavailable)
rElec   +            (cloak unavailable)
rCorr   .            (gloves unavailable)
SInv    +            (boots unavailable)
Will    ++++.        M - amulet of regeneration
Stlth   +++          Y - ring of Generosity {rPois Will+ Str+6 Int-3 Dex+6}
HPRegen 2.10/turn    R - ring of Peace {rF++ rN+ Dex+6, =R}
MPRegen 0.28/turn

%: clarity
@: statue-form, studying Transmutations, very slow
A: slow and powerful, torment resistance 1, boosted hp, very small, claws 2,
fangs 3, see invisible, (shaggy fur 3), stealthy paws, no weapons or thrown
items, no armour, multi-lived, horns 1, (iridescent scales 2), large bone plates
2, thin skeletal structure 2, clarity, clumsy 1, deterioration 1, fire
resistance 2, passive freeze, regeneration 1, strong 1, wild magic 2, evolution
1
0: Orb of Zot
}: 3/15 runes: decaying, silver, gossamer
a: Begin Untransformation, Renounce Religion


You escaped.
You worshipped Xom.
You were a special plaything of Xom.
You were a living statue of rough stone.
You visited 10 branches of the dungeon, and saw 50 of its levels.
You also visited: Trove, Gauntlet and Ice Cave.

You collected 10786 gold pieces.
You spent 7368 gold pieces at shops.

Inventory:

Jewellery
 b - an amulet of guardian spirit
   (You found it on level 2 of the Dungeon)
 e - a ring of wizardry
   (You found it on level 1 of the Dungeon)
 l - a +4 ring of protection
   (You found it on level 3 of the Elven Halls)
 y - a ring of flight
   (Xom gifted it to you on level 2 of the Depths)
 B - the ring "Kiuvimoy" {Ice rPois rN+ Will+}
   (Xom gifted it to you on level 10 of the Dungeon)

   [ring of ice]

   Ice:       It enhances your ice magic.
   rF-:       It makes you vulnerable to fire.
   rC+:       It protects you from cold.
   rPois:     It protects you from poison rN+: It protects you from negative
   energy.
   Will+:     It increases your willpower.
 H - the ring of the Hare {EV+10}
   (You found it in a treasure trove)

   [ring of evasion]

   EV+10:     It affects your evasion (+10).
 M - an amulet of regeneration (around neck)
   (Xom gifted it to you on level 15 of the Dungeon)
 R - the ring of Peace (right paw) {rF++ rN+ Dex+6, =R}
   (You bought it in a shop on level 2 of the Orcish Mines)

   [ring of dexterity]

   Dex+6:     It affects your dexterity (+6).
   rF++:      It greatly protects you from fire.
   rN+:       It protects you from negative energy.
 W - the ring "Woocrath" {rCorr AC+4 Str+9 Dex-5 SInv}
   (You found it on level 2 of the Depths)

   [ring of protection]

   AC+4:      It affects your AC (+4).
   Str+9:     It affects your strength (+9).
   Dex-5:     It affects your dexterity (-5).
   SInv:      It lets you see invisible.
   rCorr:     It protects you from acid and corrosion.
 X - a ring of resist corrosion
   (You found it on level 3 of the Depths)
 Y - the ring of Generosity (left paw) {rPois Will+ Str+6 Int-3 Dex+6}
   (You found it in a treasure trove)

   [ring of strength]

   Str+6:     It affects your strength (+6).
   Int-3:     It affects your intelligence (-3).
   Dex+6:     It affects your dexterity (+6).
   rPois:     It protects you from poison Will+: It increases your willpower.
Talismans
 T - the blade talisman "Galasol" {rElec rF+ Will+ Str+2}
   (You found it on level 2 of the Swamp)

   [blade talisman]

   Str+2:     It affects your strength (+2).
   rF+:       It protects you from fire.
   rElec:     It insulates you from electricity.
   Will+:     It increases your willpower.
 U - a granite talisman (active)
   (You found it on level 1 of the Vaults)
Wands
 m - a wand of roots (47) {@v2}
   (You found it on level 1 of the Lair of Beasts)
 n - a wand of mindburst (51)
   (You found it on level 4 of the Spider Nest)
 p - a wand of charming (55)
   (Xom gifted it to you on level 8 of the Dungeon)
 C - a wand of flame (102) {@v4}
   (You found it on level 10 of the Dungeon)
 D - a wand of polymorph (22)
   (You bought it in a shop on level 2 of the Dungeon)
 O - a wand of light (32) {@v1}
   (Xom gifted it to you on level 15 of the Dungeon)
Scrolls
 a - a scroll of butterflies
 f - 5 scrolls of summoning
 g - 11 scrolls of immolation
 i - 8 scrolls of blinking {@r4}
 j - 9 scrolls of fog {!r}
 k - 23 scrolls of teleportation {@r3 !r}
 o - a scroll of revelation {@r5 !r}
 t - 6 scrolls of fear {!r}
 A - 6 scrolls of amnesia
 G - 7 scrolls of vulnerability
 K - 7 scrolls of poison
 L - 29 scrolls of identify {@r1}
 N - 6 scrolls of silence {!r}
 V - 2 scrolls of torment
Potions
 c - 8 potions of lignification {@q6}
 d - 8 potions of curing {@q1 !q}
 h - 12 potions of heal wounds {@q2 !q}
 q - 10 potions of attraction
 r - 5 potions of mutation
 u - 15 potions of haste {@q4 !q}
 v - a potion of berserk rage
 w - 7 potions of enlightenment
 z - 3 potions of invisibility
 E - 7 potions of might {@q3 !q}
 I - 2 potions of magic
 J - 10 potions of brilliance
 P - 5 potions of ambrosia
 Q - 8 potions of resistance
Miscellaneous
 s - a box of beasts (inert)
   (You found it in a Gauntlet)
 x - a phial of floods
   (You bought it in a shop on level 8 of the Dungeon)
 F - a lightning rod (4/4)
   (You bought it in a shop on level 8 of the Dungeon)
 S - a tin of tremorstones (2/2)
   (You found it on level 5 of the Lair of Beasts)


   Skills:
 + Level 16.2 Fighting
 - Level 20.9 Dodging
 - Level 15.0 Stealth
 - Level 20.0 Unarmed Combat
 - Level 14.0 Spellcasting
 - Level 6.0 Conjurations
 - Level 10.0 Hexes
 - Level 12.0 Translocations
 - Level 16.0 Transmutations
 - Level 7.0 Air Magic
 - Level 4.0 Earth Magic
 - Level 21.0 Poison Magic
 - Level 7.0 Evocations
 - Level 16.0 Shapeshifting


You had 13 spell levels left.
You knew the following spells:

 Your Spells              Type           Power      Damage    Failure   Level
a - Apportation           Tloc           100%       N/A       1%          1
b - Manifold Assault      Tloc           62%        N/A       2%          4
c - Summon Small Mammal   Summ           60%        N/A       16%         1
d - Petrify               Tmut/Erth      57%        N/A       4%          4
e - Silence               Hex/Air        26%        N/A       14%         5
f - Vhi's Electric Charg  Tloc/Air       100%       N/A       4%          4
g - Lesser Beckoning      Tloc           100%       N/A       1%          2
h - Yara's Violent Unrav  Hex/Tmut       32%        3d13      3%          5
i - Confusing Touch       Hex            57%        N/A       2%          3
j - Wereblood             Tmut           72%        N/A       1%          2
p - Passwall              Tmut/Erth      47%        N/A       1%          2
z - Irradiate             Conj/Tmut      30%        3d21      6%          5
Y - Blink                 Tloc           100%       N/A       1%          2

Your spell library contained the following spells:

 Spells                   Type           Power      Damage    Failure   Level
 Slow                     Hex            100%       N/A       1%          1
 Sting                    Tmut/Pois      100%       1d8       1%          1
 Cigotuvi's Dreadful Rot  Necr/Pois/Air  100%       N/A       1%          2
 Jinxbite                 Hex            100%       N/A       1%          2
 Momentum Strike          Conj/Tloc      100%       3d10      1%          2
 Poisonous Vapours        Pois/Air       100%       N/A       1%          2
 Gell's Gravitas          Tloc           62%        N/A       1%          3
 Ignite Poison            Fire/Tmut/Pois 63%        N/A       1%          3
 Mephitic Cloud           Conj/Pois/Air  60%        N/A       1%          3
 Teleport Other           Tloc           62%        N/A       1%          3
 Olgreb's Toxic Radiance  Pois           83%        N/A       1%          4
 Alistair's Intoxication  Tmut/Pois      52%        N/A       1%          5
 Magic Dart               Conj           100%       1d8       2%          1
 Shock                    Conj/Air       100%       1d9       2%          1
 Sigil of Binding         Hex            57%        N/A       2%          3
 Tukima's Dance           Hex            57%        N/A       2%          3
 Passage of Golubria      Tloc           62%        N/A       2%          4
 Eringya's Noxious Bog    Tmut/Pois      39%        4d6       2%          6
 Static Discharge         Conj/Air       88%        3-7/arc   3%          2
 Dazzling Flash           Conj/Hex       100%       N/A       3%          3
 Swiftness                Air            47%        N/A       4%          3
 Cause Fear               Hex            28%        N/A       4%          4
 Iskenderun's Mystic Bla  Conj/Tloc      54%        2d12      5%          4
 Foxfire                  Conj/Fire      100%       2x1d9     6%          1
 Kiss of Death            Conj/Necr      100%       2d13      6%          1
 Volatile Blastmotes      Fire/Tloc      84%        2d17      6%          3
 Stone Arrow              Conj/Erth      76%        3d11      8%          3
 Summon Guardian Golem    Hex/Summ       38%        N/A       8%          3
 Fulminant Prism          Conj/Hex       25%        3d14      8%          4
 Airstrike                Air            23%        2d(4-20)  10%         4
 Leda's Liquefaction      Hex/Erth       23%        N/A       10%         4
 Hailstorm                Conj/Ice       29%        3d8       14%         3
 Freeze                   Ice            60%        1d7       16%         1
 Necrotise                Necr           60%        1d7       16%         1
 Anguish                  Hex/Necr       19%        N/A       19%         4
 Scorch                   Fire           30%        2d6       22%         2
 Arcjolt                  Conj/Air       22%        1d32      26%         5
 Summon Lightning Spire   Summ/Air       31%        N/A       30%         4
 Iskenderun's Battlesphe  Conj           42%        2d9       30%         5
 Summon Forest            Summ/Tloc      21%        N/A       30%         5
 Call Canine Familiar     Summ           15%        N/A       36%         3
 Frozen Ramparts          Ice            30%        1d5       36%         3
 Ozocubu's Armour         Ice            15%        N/A       36%         3
 Vampiric Draining        Necr           15%        2d7       36%         3
 Flame Wave               Conj/Fire      29%        2d9       36%         4
 Metabolic Englaciation   Hex/Ice        19%        N/A       41%         5
 Freezing Cloud           Conj/Ice/Air   17%        6-21      50%         5
 Lee's Rapid Deconstruct  Erth           16%        3d10*     54%         5
 Fireball                 Conj/Fire      14%        3d8       67%         5
 Animate Dead             Necr           15%        N/A       73%         4
 Dispel Undead            Necr           15%        3d10      73%         4
 Summon Ice Beast         Ice/Summ       15%        N/A       73%         4
 Conjure Ball Lightning   Conj/Air       22%        3x3d6     75%         6
 Borgnjor's Vile Clutch   Necr/Erth      12%        N/A       78%         5
 Enfeeble                 Hex            28%        N/A       82%         7
 Agony                    Necr           15%        N/A       95%         5
 Starburst                Conj/Fire      14%        6d6       99%         6
 Disjunction              Tloc           31%        N/A       99%         8
 Simulacrum               Ice/Necr       7%         N/A       100%        6
 Summon Cactus Giant      Summ           7%         N/A       100%        6
 Haunt                    Necr/Summ      7%         N/A       100%        7
 Malign Gateway           Summ/Tloc      21%        N/A       100%        7
 Ozocubu's Refrigeration  Ice            7%         4d9       100%        7
 Summon Hydra             Summ           7%         N/A       100%        7
 Discord                  Hex            28%        N/A       100%        8
 Infestation              Necr           7%         N/A       100%        8
 Lehudib's Crystal Spear  Conj/Erth      19%        10d6      100%        8
 Maxwell's Capacitive Co  Air            23%        ∞         100%        8
 Summon Horrible Things   Summ           7%         N/A       100%        8
 Chain Lightning          Conj/Air       22%        3d29      100%        9
 Polar Vortex             Ice            7%         12d1*     100%        9
 Sublimation of Blood     Necr           Unusable   N/A       N/A         2
 Animate Armour           Summ/Erth      Unusable   N/A       N/A         4

Dungeon Overview and Level Annotations

Branches:
Dungeon (15/15)            Temple (0/1) D:6            Lair (visited)
  Swamp (4/4) Lair:3       Spider (4/4) Lair:2        Slime (0/5) Lair:4
    Orc (2/2) D:10            Elf (3/3) Orc:2        Vaults (5/5) D:13
  Crypt (3/3) Vaults:2       Tomb (0/3) Crypt:3      Depths (4/4) D:15
    Zot (5/5) Depths:4      IceCv (visited)         Gauntlet (visited)

Altars:
Dithmenos
Fedhas
Gozag
Hepliaklqana
Kikubaaqudgha
Makhleb
Qazlal
Ru
Sif Muna
Uskayaw
Vehumet
Wu Jian
Xom
Yredelemnul
Zin
Jiyva
Lugonu

Shops:
D:2 *   D:3 !   D:5 *[   D:8 **((*   D:12 =?   D:15 *   Orc:2 (:!?=   Elf:2 *
Elf:3 ?

Portals:
Hell: Depths:1 Depths:2 Depths:3 Depths:4
Abyss: Lair:5 Depths:1 Depths:3
Pandemonium: Depths:2
Ziggurat: Depths:4

Annotations:
Lair:5 3 runed translucent doors, topfpfpflanze's ghost, journeyman FeFi
Spider:3 exclusions: 4 doors and orange crystal statue
Elf:2 5 runed translucent doors
Crypt:2 2 transporters, Divoc's ghost, veteran GrFi
Depths:1 6 runed translucent doors, 1 exclusion
Zot:5 1 exclusion


Innate Abilities, Weirdness & Mutations

You are a living statue of rough stone.
Your actions are slow, but your melee attacks are powerful.
You are resistant to unholy torment.
Your maximum health is greatly increased.
You are immune to poison.
You have sharp claws.
You have razor-sharp teeth.
You have supernaturally acute eyesight. (SInv)
((Your thick and shaggy fur keeps you warm. (AC +3, rC+)))
Your paws help you pounce on unaware monsters.
You are incapable of wielding weapons or throwing items.
You cannot wear armour.
You gain extra lives every three experience levels.
You have a pair of small horns on your head.
((You are mostly covered in iridescent scales. (AC +4)))
You are mostly covered in large bone plates. (SH +6)
You have a moderately thin skeletal structure. (Dex +4, Stealth++)
You possess an exceptional clarity of mind.
You are clumsy. (Dex -2)
Your body sometimes deteriorates upon taking damage.
Your flesh is very heat resistant. (rF++)
A frigid envelope surrounds you and freezes all who hurt you.
Your natural rate of healing is unusually fast.
Your muscles are strong. (Str +4, Int/Dex -1)
Your spells are harder to cast, but more powerful.
You have hidden genetic potential.


Message History

Your magic seems less tainted.
Your magical contamination has completely faded away.
Magic restored.
There is a stone staircase leading up here.
You climb upwards.
There is a stone staircase leading down here.
You see here a +0 whip.
There is a stone staircase leading up here.
You climb upwards.
There is a stone staircase leading down here.
An Orb Guardian comes into view.
Unknown command.
Charge where?
Press: ? - help, Q - select action, (/) - cycle Dir - move target, f - Orb Guardian
Aim: an Orb Guardian (84% to hit)
You charge forward with an electric crackle!
You eviscerate the Orb Guardian and electrocute it!!!!
You kill the Orb Guardian!
You have reached level 26!
An Orb Guardian comes into view.
Charge where?
Press: ? - help, Q - select action, (/) - cycle Dir - move target, f - Orb Guardian
Aim: an Orb Guardian (84% to hit)
You charge forward with an electric crackle!
You eviscerate the Orb Guardian and electrocute it!!!!
You kill the Orb Guardian!
No target in view!
No target in view!
(D) Dungeon (T) Temple (S) Swamp (N) Spider Nest (M) Slime Pits (O) Orcish Mines (E) Elven Halls (V) Vaults (C) Crypt (W) Tomb (U) Depths (H) Hell (Z) Zot
Where to? (Tab/Enter - D:1 @ (x,y), ? - help)
There is a stone staircase leading up here.
You climb upwards.
There is a stone staircase leading down here.
There is an open door here.
There is an open door here.
Magic restored.
An Executioner comes into view.
The Executioner gives a hideous shriek!
Unknown command.
Unknown command.
The Executioner gestures.
The Executioner seems to speed up.
A large abomination comes into view.
Charge where?
Press: ? - help, Q - select action, (/) - cycle Dir - move target, f - Executioner
Aim: an Executioner (fast, 81% to hit)
You charge forward with an electric crackle!
You eviscerate the Executioner!!! You headbutt the Executioner.
The Executioner is severely wounded.
The Executioner completely misses you. x2; The Executioner closely misses you.
The Executioner completely misses you.
The Executioner hits you but does no damage.
The Executioner resists.
The Executioner is very cold.
The Executioner is severely wounded.
The Executioner completely misses you. You block the Executioner's attack.
The Executioner misses you. The Executioner completely misses you.
The Executioner misses you. The Executioner completely misses you.
The Executioner barely misses you.
You mangle the Executioner!!
You kill the Executioner!
You claw the large abomination!
The large abomination is moderately damaged.
The large abomination completely misses you.
You claw the large abomination! You headbutt the large abomination!
Your claw misses the large abomination. You bite the large abomination!
The large abomination is almost destroyed.
The large abomination completely misses you.
You closely miss the large abomination.
You headbutt the large abomination, but do no damage.
You claw the large abomination.
You destroy the large abomination!
(D) Dungeon (T) Temple (S) Swamp (N) Spider Nest (M) Slime Pits (O) Orcish Mines (E) Elven Halls (V) Vaults (C) Crypt (W) Tomb (U) Depths (H) Hell (Z) Zot
Where to? (Tab/Enter - D:1 @ (x,y), ? - help)
There is a stone staircase leading up here.
You climb upwards.
Magic restored.
There is a stone staircase leading down here.
There is a stone staircase leading up here.
You climb upwards.
There is a stone staircase leading down here.
There is a stone staircase leading up here.
You climb upwards.
There is a stone staircase leading down here.
There is a stone staircase leading up here.
You climb upwards.
There is a stone staircase leading down here.
There is an open door here.
There is an open door here.
There is an open door here.
There is a staircase leading out of the dungeon here.
Unknown command.
Unknown command.
Unknown command.
You have escaped!

.# #.#....# #....# #.#.#
## #...##.# #.####
#.#.### #########..###'#
#.# #.#...# #..........#
#.# #.# #.###.#
###.########.# #'# #.#
#.###.# ..#.# ###..#
#.###.# #.....# #.#.#
#....###'##..##########.#
#.#.# #.#####...#####...#
#.# #.#.#
#.'.'.'.8.'.'.'.#.# #.#
#.#.#
#######...#######.#####.#
#.#.# ###'## #.......#
#.#.# #.#.# #######.#
#.#.# #.#'# #.# #.#.#
#.#.# ##.# #.#.# #.#'#
#..# #.#.# #...# #.##
....# #.### #.#


There were no monsters in sight!

Vanquished Creatures
  A dread lich (Crypt:1)
  3 ancient liches
  2 orbs of fire (Zot:1)
  Mara (Elf:3)
  3 juggernauts (Depths:3)
  Frederick (Depths:4)
  Sojobo (Vaults:3)
  Boris (thrice) (Vaults:4 Depths:2 Crypt:3)
  the Lernaean hydra (Swamp:4)
  Saint Roka (Vaults:2)
  A caustic shrike (Depths:3)
  Norris (Vaults:4)
  8 golden dragons
  Nikola (Swamp:2)
  Arachne (Spider:4)
  A profane servitor (Depths:2)
  A bone dragon (Crypt:3)
  Jorgrun (Elf:1)
  6 Orb Guardians
  Rupert (Lair:3)
  14 tentacled monstrosities
  2 shard shrike skeletons
  8 liches
  7 titans
  2 deep elf blademasters (Elf:3)
  4 sphinxes
  3 quicksilver dragons
  2 deep elf master archers (Elf:3)
  An Executioner (D:5)
  3 ancient champions
  8 death cobs
  7 shadow dragons
  2 thorn hunters
  Frances (D:14)
  7 tengu reavers
  Kirke (Spider:4)
  8 storm dragons
  A revenant (Crypt:1)
  Aizul (Elf:3)
  9 fire giants
  A demonspawn warmonger (D:9)
  A fenstrider witch (Swamp:2)
  5 draconian monks
  13 frost giants
  2 caustic shrike zombies
  8 deep elf sorcerers
  7 draconian scorchers
  4 draconian knights
  4 deep elf elementalists
  11 ghost moths
  An emperor scorpion (Spider:4)
  Louise (Spider:4)
  A ghost moth (shapeshifter) (Vaults:5)
  21 vault wardens
  7 ghouls
  2 orc warlords
  3 curse skulls
  4 draconian stormcallers
  7 draconian shifters
  6 war gargoyles
  A cacodemon (D:10)
  A broodmother (Spider:3)
  14 ironbound preservers
  20 very ugly things
  4 draconian annihilators
  A reaper (D:9)
  A demonspawn blood saint (D:9)
  2 formless jellyfish
  6 ironbound thunderhulks
  8 vampire knights
  18 stone giants
  6 green draconians
  10 deep elf demonologists
  4 eleionomae
  9 deep elf annihilators
  12 white draconians
  6 yellow draconians
  14 black draconians
  7 bunyips
  10 purple draconians
  A minotaur (Gauntlet)
  8 spark wasps
  2 dire elephants
  9 red draconians
  Snorg (D:14)
  14 ettins
  11 deep elf death magi
  A crystal guardian (Vaults:2)
  7 jiangshi
  7 fire dragons
  9 entropy weavers
  3 eidola
  A mummy priest (Crypt:3)
  A shambling mangrove (Swamp:4)
  8 yaktaur captains
  3 deep elf high priests (Vaults:5)
  A fenstrider witch zombie (Crypt:2)
  3 great orbs of eyes
  2 spriggan zombies
  40 vault guards
  21 hydras
  6 spriggan air magi
  A rakshasa (Depths:1)
  14 ice dragons
  3 peacekeepers
  11 centaur warriors
  3 ghost crabs
  7 ironbound frosthearts
  2 hell beasts
  2 radroaches
  A catoblepas (D:14)
  7 jorogumos
  A boulder beetle (shapeshifter) (Depths:3)
  8 alligators
  A two-headed ogre (shapeshifter) (Vaults:5)
  An ogre mage (Vaults:5)
  10 dancing weapons
  Erica (Lair:2)
  11 deep troll shamans
  5 two-headed ogres
  A bennu zombie (Crypt:1)
  2 death knights (Crypt:1)
  9 boulder beetles
  14 deep troll earth magi
  16 death yaks
  2 death scarabs (Spider:3)
  9 tengu warriors
  9 demonic crawlers
  8 vampire magi
  15 deep elf knights
  4 spriggan berserkers
  4 occultists
  13 hell knights
  3 soul eaters
  2 titan zombies
  3 thrashing horrors (Lair:5)
  An emperor scorpion zombie (Crypt:1)
  A shadow wraith (Crypt:2)
  11 iron trolls
  A sun moth (Spider:4)
  4 spriggan druids
  A sixfirhy (D:10)
  44 skeletal warriors
  5 pharaoh ants
  6 goliath frogs
  2 death drakes
  3 flayed ghosts
  2 skysharks (Vaults:4)
  A glowing orange brain (Depths:4)
  A spark wasp zombie (Depths:2)
  2 arcanists
  2 large abominations
  A deep troll (shapeshifter) (Depths:2)
  44 deep trolls
  11 orb spiders
  6 lindwurms
  11 bog bodies
  12 deep elf archers
  11 swamp dragons
  13 phantasmal warriors
  A golden dragon skeleton (Depths:2)
  A harpy (shapeshifter) (Elf:3)
  An anaconda skeleton (Crypt:2)
  20 ironbound convokers
  14 orc knights
  12 steelbarb worms
  21 deep elf zephyrmancers
  Pikel (D:7)
  7 necromancers
  24 ugly things
  13 harpies
  2 will-o-the-wisps (Swamp:1)
  24 deep elf pyromancers
  2 orc sorcerers (Orc:2)
  2 mana vipers (shapeshifter)
  9 cyclopes
  2 tengu skeletons
  25 moths of wrath
  A shadow dragon skeleton (Crypt:3)
  A stone giant skeleton (Vaults:4)
  A frost giant zombie (Depths:2)
  A stone giant zombie (Depths:2)
  23 wolf spiders
  3 manticores
  Maurice (D:12)
  8 elephants (Lair:2)
  A water nymph (D:8)
  An eye of devastation (shapeshifter) (Vaults:3)
  2 smoke demons
  2 centaur zombies (Crypt:3)
  26 vault sentinels
  5 black mambas
  A storm dragon simulacrum (Crypt:2)
  5 kobold blastminers
  11 cane toads
  10 torpor snails
  A cane toad (shapeshifter) (D:7)
  Jeremiah (D:9)
  6 gargoyles
  An unseen horror (shapeshifter) (Elf:3)
  An orange demon (D:10)
  6 kobold demonologists
  A hellion (Depths:2)
  3 unseen horrors
  3 rime drakes
  29 yaktaurs
  A dire elephant skeleton (Crypt:2)
  A rime drake (shapeshifter) (Lair:5)
  An efreet (D:14)
  2 centaur skeletons (Crypt:3)
  7 freezing wraiths
  6 komodo dragons
  3 spectral deep trolls (Crypt:1)
  An iron troll zombie (Crypt:2)
  A tormentor (D:9)
  6 tengu conjurers
  5 red devils (Crypt:3)
  A sea snake skeleton (Crypt:1)
  2 meliai
  6 trolls
  A tengu simulacrum (Depths:2)
  3 polar bears (IceCv)
  2 bloated husks
  A troll (shapeshifter) (D:13)
  4 harpy skeletons
  3 tyrant leeches
  A glass eye (Depths:1)
  9 hornets
  36 tarantellas
  3 raiju (Lair:5)
  A shadow dragon simulacrum (Depths:2)
  The ghost of topfpfpflanze the Conjurer, a novice FeCj (D:6)
  A fire dragon zombie (Crypt:1)
  A snapping turtle (shapeshifter) (Depths:4)
  An iron dragon simulacrum (Depths:2)
  31 blink frogs
  33 jumping spiders
  A centaur simulacrum (Crypt:2)
  23 culicivoras
  2 ynoxinuls (Lair:5)
  2 shadows (Crypt:3)
  20 slime creatures
  11 spriggans
  11 small abominations (Lair:5)
  6 flying skulls (Crypt:2)
  11 water elementals
  3 air elementals (Elf:2)
  12 wraiths
  A fire bat (shapeshifter) (D:13)
  4 vampires (Crypt:3)
  36 yaks
  2 wyverns
  5 basilisks
  3 hogs (Spider:4)
  5 fire elementals
  2 chaos spawn (Lair:5)
  A steam dragon (D:8)
  A golden eye (Orc:2)
  56 redbacks
  6 vampire mosquitoes
  A harpy simulacrum (Crypt:2)
  11 swamp worms
  4 wargs
  2 naga zombies (Crypt:3)
  9 water moccasins
  7 swamp drakes
  A glowing shapeshifter skeleton (Vaults:4)
  34 orc warriors
  An ice beast (D:5)
  A sky beast (shapeshifter) (Spider:3)
  2 black bears
  An elephant zombie (Crypt:1)
  4 boggarts (Vaults:2)
  8 wolves
  4 ogres
  7 centaurs
  A phantom (D:5)
  A lemure (D:7)
  A dream sheep skeleton (Crypt:2)
  17 bullfrogs
  2 kobold brigands (D:9)
  A gnoll sergeant (D:8)
  4 necrophages
  3 scorpions
  2 earth elementals
  A human skeleton (Vaults:4)
  A draconian skeleton (Crypt:2)
  A cyclops zombie (Crypt:2)
  8 wights
  14 killer bees
  4 spriggan skeletons
  4 howler monkeys
  2 electric eels (Spider:1)
  2 human simulacra (Vaults:4)
  12 orc priests
  3 hounds
  4 jellies
  A gnoll bouda (D:6)
  4 sleepcaps
  2 iguanas (D:5)
  Natasha (thrice) (D:4)
  2 hell rats (D:9)
  22 orc wizards
  2 boggart skeletons
  17 gnolls
  6 adders
  3 river rats (D:9)
  A white imp (D:5)
  2 worms
  A dart slug (D:1)
  61 orcs
  8 ball pythons
  7 bats
  3 endoplasms
  4 giant cockroaches
  7 goblins
  12 hobgoblins
  18 jackals
  6 quokkas
  5 frilled lizards
  A frilled lizard zombie (Crypt:1)
  A jackal zombie (Crypt:1)
  17 kobolds
  11 rats
2098 creatures vanquished.

Vanquished Creatures (collateral kills)
  A tentacled monstrosity (Zot:1)
  Mlioglotl (Swamp:1)
  An Orb Guardian (Zot:5)
  A storm dragon (Vaults:4)
  A draconian knight (Zot:1)
  A draconian scorcher (Zot:1)
  A draconian annihilator (Zot:1)
  An ironbound preserver (Vaults:1)
  A green draconian (Zot:1)
  An eleionoma (Swamp:1)
  An entropy weaver (Spider:4)
  A hydra (Swamp:4)
  A demonic crawler (Spider:1)
  A skeletal warrior (Crypt:2)
  A deep elf archer (Elf:1)
  2 deep trolls (Vaults:1)
  2 orb spiders
  An arcanist (Vaults:4)
  An ironbound convoker (Vaults:1)
  A steelbarb worm (Spider:4)
  A deep elf pyromancer (Elf:1)
  A deep elf zephyrmancer (Elf:1)
  An ugly thing (Depths:1)
  3 moths of wrath
  A yaktaur (Vaults:1)
  A troll (D:13)
  A merfolk (shapeshifter) (Vaults:4)
  A tarantella (Spider:4)
  A blink frog (Lair:5)
  2 jumping spiders (Spider:1)
  A culicivora (Spider:4)
  A basilisk (Lair:5)
  A swamp worm (Swamp:1)
  2 redbacks (Spider:4)
  An orc warrior (Orc:2)
  An orc wizard (Orc:2)
  3 orcs
  A goblin (D:3)
46 creatures vanquished.

Vanquished Creatures (others)
  An eldritch tentacle (Zot:5)
  A deep elf elementalist (Elf:3)
  2 vault wardens
  Nessos (Orc:2)
  Erolcha (Orc:2)
  A boulder beetle (Spider:3)
  2 dancing weapons
  2 deep trolls (Vaults:1)
  2 deep elf archers
  A deep elf zephyrmancer (Elf:2)
  2 deep elf pyromancers
  An orc knight (Orc:2)
  A wolf spider (Spider:3)
  2 bloated husks
  A hornet (Swamp:4)
  A polar bear (IceCv)
  A tarantella (Spider:1)
  A water elemental (Elf:2)
  3 humans (Spider:4)
  3 orc warriors (Orc:2)
  A boggart (D:15)
  2 centaurs (Orc:2)
  3 orc wizards (Orc:2)
  3 orcs
  5 kobolds (D:9)
  4 foxfires (Swamp:1)
48 creatures vanquished.

Grand Total: 2192 creatures vanquished

Notes
Turn   | Place    | Note
-------+----------+-------------------------------------------
     0 | D:1      | EnegeticOcto the Felid Chaos Knight began the quest for the
                  | Orb.
     0 | D:1      | Reached XP level 1. HP: 12/12 MP: 2/2
    99 | D:1      | Reached skill level 1 in Stealth
   155 | D:1      | XOM: silly message
   188 | D:1      | Reached skill level 2 in Stealth
   195 | D:1      | Reached XP level 2. HP: 16/16 MP: 3/3
   426 | D:1      | Found a faded altar of an unknown god.
   448 | D:1      | Reached skill level 3 in Stealth
   650 | D:1      | Reached XP level 3. HP: 15/20 MP: 4/4
   774 | D:1      | XOM is BORED!
  1254 | D:2      | Found Nos Guof's Assorted Antiques.
  1271 | D:2      | Bought a scroll labelled IWISTO EREHA for 32 gold pieces
  1287 | D:2      | XOM: cast spell 'Olgreb's Toxic Radiance'
  1292 | D:2      | Reached skill level 4 in Dodging
  1407 | D:2      | Reached XP level 4. HP: 14/24 MP: 4/6
  1840 | D:2      | XOM: torment (15/24 hp)
  1878 | D:3      | Found Zukidd's Distillery.
  1949 | D:3      | Reached skill level 1 in Spellcasting
  2127 | D:3      | XOM: cast spell 'Summon Small Mammal'
  2219 | D:3      | XOM: divination: magic mapping
  2260 | D:3      | Reached skill level 4 in Unarmed Combat
  2264 | D:3      | XOM: polymorph worm -> adder
  2435 | D:3      | Bought a potion of lignification for 39 gold pieces
  2565 | D:3      | XOM: enchant monster (good)
  2767 | D:3      | XOM: blink monster(s)
  2767 | D:3      | XOM: butterfly on damage
  2970 | D:3      | XOM: blink monster(s)
  3042 | D:2      | Bought a scroll labelled KUOGRA IR MEFRI for 32 gold pieces
  3060 | D:2      | Gained mutation: Your spells are a little easier to cast,
                  | but a little less powerful. [potion of mutation]
  3060 | D:2      | Lost mutation: Your spells are a little easier to cast, but
                  | a little less powerful. [potion of mutation]
  3060 | D:2      | Gained mutation: You are somewhat resistant to further
                  | mutation. [potion of mutation]
  3219 | D:3      | XOM: torment (16/24 hp)
  3275 | D:3      | Reached XP level 5. HP: 21/28 MP: 4/7
  3281 | D:3      | XOM: summons 4 hostile shadow creatures
  3388 | D:3      | Reached skill level 5 in Unarmed Combat
  3647 | D:3      | XOM: divination: magic mapping
  3951 | D:4      | Found a burning altar of Makhleb.
  3953 | D:4      | Noticed a cacodemon
  3955 | D:4      | Found a glowing silver altar of Zin.
  3956 | D:4      | Noticed an angel
  3978 | D:4      | Noticed Natasha
  4356 | D:4      | XOM: divination: magic mapping
  4439 | D:4      | XOM: give mutations
  4439 | D:4      | Gained mutation: Your muscles are strong. (Str +4, Int/Dex
                  | -1) [Xom's mischief]
  4439 | D:4      | Gained mutation: You have very sharp fingernails. [Xom's
                  | mischief]
  4439 | D:4      | Gained mutation: You are dopey. (Int -2) [Xom's mischief]
  4711 | D:3      | Bought a potion of berserk rage for 65 gold pieces
  4804 | D:4      | Gained mutation: You are covered in thick fur. (AC +2)
                  | [Felid growth]
  4804 | D:4      | Reached XP level 6. HP: 23/32 MP: 5/9
  4840 | D:4      | XOM: give mutation
  4840 | D:4      | Gained mutation: You are partially covered in large bone
                  | plates. (SH +4) [Xom's mischief]
  4924 | D:4      | Killed Natasha
  4925 | D:4      | Reached skill level 2 in Spellcasting
  4945 | D:4      | Noticed Natasha
  4969 | D:4      | Reached skill level 5 in Dodging
  4978 | D:4      | Killed Natasha
  5222 | D:4      | XOM: torment (19/32 hp)
  5426 | D:4      | Noticed Natasha
  5434 | D:4      | Killed Natasha
  5525 | D:4      | XOM: summons 4 hostile demons
  5575 | D:3      | XOM: stat loss: -1 Str (11/12)
  5623 | D:5      | Entered Level 5 of the Dungeon
  5667 | D:5      | XOM: snakes to sticks
  5670 | D:5      | Reached skill level 6 in Unarmed Combat
  5670 | D:5      | Reached XP level 7. HP: 34/37 MP: 9/11
  5749 | D:5      | Reached skill level 4 in Fighting
  5818 | D:5      | Found Tyzegi's Tempting Trifles.
  5852 | D:5      | Found Huat's Antique Armour Boutique.
  5872 | D:5      | XOM: 1-stop teleportation journey
  5883 | D:5      | XOM: scenery: 2 doors open
  5983 | D:5      | Noticed a wyvern
  6320 | D:4      | XOM: give mutation
  6320 | D:4      | Gained mutation: You are strong-willed. (Will+) [Xom's
                  | grace]
  6368 | D:4      | Found a glowing silver altar of Zin.
  6369 | D:4      | Found a burning altar of Makhleb.
  6745 | D:5      | XOM: noise
  6750 | D:5      | XOM: confusion (+ monsters)
  6788 | D:5      | XOM: noise
  6829 | D:5      | Reached skill level 5 in Fighting
  6957 | D:5      | XOM: cloud trail
  6976 | D:6      | Found a runed translucent gate.
  6976 | D:6      | Found a runed translucent gate.
  6976 | D:6      | Found a runed translucent gate.
  6976 | D:6      | XOM: silly message
  6995 | D:6      | Reached skill level 7 in Unarmed Combat
  7012 | D:6      | Found a staircase to the Ecumenical Temple.
  7121 | D:6      | Reached XP level 8. HP: 43/43 MP: 12/12
  7340 | D:6      | Noticed a two-headed ogre
  7343 | D:6      | XOM: divination: detect creatures
  7346 | D:6      | XOM: confuse monster(s)
  7349 | D:6      | XOM: confuse monster(s)
  7357 | D:6      | Killed a two-headed ogre
  7358 | D:6      | Reached skill level 9 in Unarmed Combat
  7358 | D:6      | Reached skill level 4 in Stealth
  7358 | D:6      | Reached skill level 2 in Evocations
  7362 | D:6      | Reached skill level 5 in Stealth
  7395 | D:6      | XOM: god gift: scroll labelled XUXZECL IXOSS {god gift}
  7478 | D:6      | Reached skill level 6 in Dodging
  7488 | D:6      | XOM: noise
  7589 | D:6      | Noticed topfpfpflanze's ghost (novice FeCj)
  7826 | D:7      | Reached skill level 3 in Spellcasting
  7882 | D:7      | XOM: scenery: summon butterflies
  8000 | D:7      | XOM: cleaving
  8001 | D:7      | XOM: scenery: summon butterflies
  8004 | D:7      | XOM: enchant monster (bad)
  8005 | D:7      | XOM: summons friendly quasit
  8009 | D:7      | Reached skill level 7 in Dodging
  8009 | D:7      | Reached XP level 9. HP: 47/47 MP: 14/14
  8128 | D:7      | XOM: polymorph quasit -> chaos spawn
  8155 | D:7      | XOM: cleaving
  8161 | D:7      | XOM: polymorph yak -> shapeshifter
  8161 | D:7      | a shapeshifter changed into a cane toad
  8161 | D:7      | Noticed a cane toad (shapeshifter)
  8164 | D:7      | Killed a cane toad
  8167 | D:7      | Reached skill level 6 in Fighting
  8255 | D:7      | XOM: god gift: 26 gold pieces
  8284 | D:7      | Noticed Pikel
  8338 | D:7      | Killed Pikel
  8339 | D:7      | Reached skill level 7 in Fighting
  8339 | D:7      | Reached skill level 10 in Unarmed Combat
  8448 | D:7      | Found a blossoming altar of Fedhas.
  8451 | D:7      | Found an ancient bone altar of Kikubaaqudgha.
  8663 | D:8      | Found Ucij's General Store.
  8682 | D:8      | XOM: potion effect (might)
  8775 | D:8      | Found Maochinisse's Antique Weapon Boutique.
  8819 | D:8      | Found Tukh's General Store.
  8895 | D:8      | Reached skill level 11 in Unarmed Combat
  9009 | D:8      | Found Guamu's General Store.
  9011 | D:8      | XOM: silly message
  9032 | D:8      | Found the +7 Kryia's mail coat {PotionHeal*2 rC+}
  9041 | D:8      | Found Itoliyva's Weapon Shoppe.
  9098 | D:8      | Reached XP level 10. HP: 35/55 MP: 12/15
  9444 | D:8      | XOM: scenery: summon butterflies
  9631 | D:8      | Reached skill level 4 in Spellcasting
  9776 | D:8      | XOM: silly message
  9857 | D:8      | XOM: confuse monster(s)
  9858 | D:8      | XOM: summons friendly shadow imp
  9862 | D:8      | Reached skill level 8 in Fighting
  9872 | D:8      | a slime creature changed into a water nymph
  9872 | D:8      | Noticed a water nymph
  9872 | D:8      | XOM: polymorph slime creature -> water nymph
 10026 | D:9      | Reached skill level 5 in Spellcasting
 10027 | D:9      | XOM: potion effect (brilliance)
 10174 | D:9      | XOM: potion effect (brilliance)
 10179 | D:9      | Reached skill level 9 in Fighting
 10179 | D:9      | Reached skill level 6 in Spellcasting
 10197 | D:9      | XOM: god gift: +1 robe of willpower
 10424 | D:9      | Noticed a death yak
 10426 | D:9      | Noticed a death yak
 10428 | D:9      | Noticed Jeremiah
 10466 | D:9      | Killed Jeremiah
 10638 | D:9      | Found a hide-covered altar of Uskayaw.
 10643 | D:9      | XOM: destruction
 10646 | D:9      | Reached skill level 7 in Spellcasting
 10775 | D:10     | Entered Level 10 of the Dungeon
 10948 | D:10     | Found a shimmering blue altar of Sif Muna.
 10948 | D:10     | Found a shadowy altar of Dithmenos.
 10948 | D:10     | Found a radiant altar of Vehumet.
 10948 | D:10     | Found a basalt altar of Yredelemnul.
 10949 | D:10     | Noticed a two-headed ogre
 10956 | D:10     | Killed a two-headed ogre
 10957 | D:10     | Reached XP level 11. HP: 62/62 MP: 23/23
 10958 | D:10     | Found a stormy altar of Qazlal.
 10958 | D:10     | Found a hazy altar of Hepliaklqana.
 11028 | D:10     | Identified the ring "Kiuvimoy" {Ice rPois rN+ Will+} (Xom
                  | gifted it to you on level 10 of the Dungeon)
 11028 | D:10     | XOM: god gift: ring "Kiuvimoy" {Ice rPois rN+ Will+}
 11033 | D:10     | Reached skill level 8 in Spellcasting
 11073 | D:10     | Found a staircase to the Orcish Mines.
 11082 | D:10     | Identified a scroll of acquirement
 11083 | D:10     | Acquired 320 gold pieces
 11183 | D:8      | XOM: god gift: wand of charming (5)
 11306 | D:8      | Reached skill level 2 in Hexes
 11335 | D:8      | Reached skill level 3 in Hexes
 11474 | D:5      | Bought a book of Touch for 286 gold pieces
 11478 | D:5      | Learned a level 3 spell: Confusing Touch
 11552 | D:2      | Bought a short bronze wand for 128 gold pieces
 11595 | D:3      | Bought a potion of haste for 130 gold pieces
 11595 | D:3      | Bought a potion of might for 52 gold pieces
 11710 | D:8      | XOM: summons 4 hostile demons
 11841 | D:10     | Noticed a two-headed ogre
 11846 | D:10     | Killed a two-headed ogre
 11847 | D:10     | Reached skill level 5 in Hexes
 12030 | D:10     | Reached skill level 6 in Hexes
 12050 | D:10     | Found an ornate altar of the Wu Jian Council.
 12060 | D:10     | Found an opulent altar of Gozag.
 12267 | D:9      | Killed a death yak
 12268 | D:9      | Reached skill level 7 in Hexes
 12277 | D:9      | Noticed a death yak
 12298 | D:9      | Killed a death yak
 12299 | D:9      | Reached skill level 8 in Hexes
 12314 | D:9      | Killed a death yak
 12315 | D:9      | Reached skill level 9 in Hexes
 12357 | D:9      | XOM: confusion (+ monsters)
 12360 | D:9      | Found a staircase to the Lair.
 12384 | D:9      | Reached skill level 10 in Hexes
 12664 | Lair:1   | Entered Level 1 of the Lair of Beasts
 12680 | Lair:1   | XOM: repel stairs
 12686 | Lair:1   | XOM: enchant monster (bad)
 12944 | Lair:1   | Reached skill level 8 in Dodging
 12953 | Lair:1   | XOM: summons 10 friendly demons
 13200 | Lair:1   | Reached skill level 9 in Dodging
 13221 | Lair:1   | Reached skill level 10 in Fighting
 13246 | Lair:1   | XOM: potion effect (brilliance)
 13254 | Lair:1   | XOM: fake destruction
 13275 | Lair:1   | XOM: god gift: 48 gold pieces
 13285 | Lair:1   | XOM: 1-stop teleportation journey
 13356 | Lair:1   | Gained mutation: Your thick and shaggy fur keeps you warm.
                  | (AC +3, rC+) [Felid growth]
 13356 | Lair:1   | Reached XP level 12. HP: 63/67 MP: 25/25
 13455 | Lair:1   | You fall into a shaft and drop 1 floor!
 13457 | Lair:2   | Noticed Erica
 13467 | Lair:2   | Found a hole to the Spider Nest.
 13489 | Lair:2   | XOM: summons 12 friendly demons
 13519 | Lair:2   | Killed Erica
 13531 | Lair:2   | Reached skill level 10 in Dodging
 13713 | Lair:1   | Noticed a five-headed hydra
 13736 | Lair:1   | XOM: give mutations
 13736 | Lair:1   | Lost mutation: You are partially covered in large bone
                  | plates. (SH +4) [Xom's mischief]
 13736 | Lair:1   | Gained mutation: You are clumsy. (Dex -2) [Xom's mischief]
 13736 | Lair:1   | Gained mutation: You are partially covered in iridescent
                  | scales. (AC +2) [Xom's mischief]
 13736 | Lair:1   | Gained mutation: You sometimes lose your temper in combat.
                  | [Xom's mischief]
 13872 | Lair:1   | XOM: summons 6 hostile demons
 13934 | Lair:1   | Lost mutation: You are partially covered in iridescent
                  | scales. (AC +2) [potion of mutation]
 13934 | Lair:1   | Lost mutation: You are clumsy. (Dex -2) [potion of
                  | mutation]
 13934 | Lair:1   | Lost mutation: You are strong-willed. (Will+) [potion of
                  | mutation]
 13935 | Lair:1   | Lost mutation: You have very sharp fingernails. [potion of
                  | mutation]
 13935 | Lair:1   | Lost mutation: You are dopey. (Int -2) [potion of mutation]
 13935 | Lair:1   | Lost mutation: You are somewhat resistant to further
                  | mutation. [potion of mutation]
 13935 | Lair:1   | Gained mutation: Your magical capacity is low. (-10% MP)
                  | [potion of mutation]
 13935 | Lair:1   | Gained mutation: Your spells are a little easier to cast,
                  | but a little less powerful. [potion of mutation]
 13935 | Lair:1   | Gained mutation: Your muscles are very strong. (Str +8,
                  | Int/Dex -2) [potion of mutation]
 13936 | Lair:1   | Lost mutation: Your muscles are very strong. (Str +8,
                  | Int/Dex -2) [potion of mutation]
 13936 | Lair:1   | Lost mutation: Your muscles are strong. (Str +4, Int/Dex
                  | -1) [potion of mutation]
 13936 | Lair:1   | Lost mutation: Your magical capacity is low. (-10% MP)
                  | [potion of mutation]
 13993 | Lair:2   | XOM: silly message
 14082 | Lair:2   | Noticed a death yak
 14148 | Lair:2   | an elephant changed into a jorogumo
 14148 | Lair:2   | Noticed a jorogumo
 14148 | Lair:2   | XOM: polymorph elephant -> jorogumo
 14265 | Lair:2   | XOM: give mutation
 14265 | Lair:2   | Lost mutation: You sometimes lose your temper in combat.
                  | [Xom's mischief]
 14299 | Lair:2   | XOM: cloud trail
 14307 | Lair:2   | XOM: give mutations
 14307 | Lair:2   | Gained mutation: Your body sometimes deteriorates upon
                  | taking damage. [Xom's mischief]
 14307 | Lair:2   | Lost mutation: Your spells are a little easier to cast, but
                  | a little less powerful. [Xom's mischief]
 14586 | Lair:3   | Reached skill level 11 in Fighting
 14602 | Lair:3   | Reached skill level 11 in Dodging
 14622 | Lair:3   | XOM: enchant monster (bad)
 14679 | Lair:3   | XOM: potion effect (haste)
 14681 | Lair:3   | XOM: snakes to sticks
 14691 | Lair:3   | XOM: enchant monster (good)
 14810 | Lair:3   | Found a staircase to the Swamp.
 14980 | Lair:3   | Noticed a death yak
 14980 | Lair:3   | Noticed a death yak
 14980 | Lair:3   | XOM: 8-stop teleportation journey
 15019 | Lair:3   | XOM: enchant monster (bad)
 15103 | Lair:3   | XOM: silly message
 15105 | Lair:3   | XOM: silly message
 15109 | Lair:3   | XOM: silly message
 15113 | Lair:3   | Reached skill level 12 in Dodging
 15113 | Lair:3   | Noticed Rupert
 15131 | Lair:3   | XOM: enchant monster (good)
 15150 | Lair:3   | XOM: potion effect (haste)
 15166 | Lair:3   | Killed Rupert
 15167 | Lair:3   | Reached skill level 12 in Fighting
 15170 | Lair:3   | XOM: god gift: helmet {god gift}
 15173 | Lair:3   | Reached skill level 3 in Evocations
 15178 | Lair:3   | HP: 3/71 [poisoned by a cane toad]
 15181 | Lair:3   | HP: 1/71 [poisoned by a cane toad]
 15328 | Lair:3   | XOM: noise
 15353 | Lair:3   | XOM: divination: detect creatures
 15701 | Lair:3   | XOM: 2-stop teleportation journey
 15702 | Lair:3   | XOM: 4-stop teleportation journey
 15714 | Lair:3   | XOM: summons 11 friendly demons
 15735 | Lair:3   | Killed a death yak
 15736 | Lair:3   | Reached skill level 4 in Evocations
 15737 | Lair:3   | Killed a death yak
 15780 | Lair:3   | XOM: cloud trail
 15835 | Lair:3   | XOM: cast spell 'Summon Ice Beast'
 16063 | Lair:3   | Reached skill level 13 in Dodging
 16254 | Lair:4   | XOM: chaos cloud
 16255 | Lair:4   | XOM: chaos cloud
 16264 | Lair:4   | Found a viscous altar of Jiyva.
 16264 | Lair:4   | Found a staircase to the Slime Pits.
 16264 | Lair:4   | XOM: 2-stop teleportation journey
 16426 | Lair:4   | XOM: polymorph rime drake -> redback
 16440 | Lair:4   | Reached skill level 5 in Evocations
 16445 | Lair:4   | XOM: noise
 16455 | Lair:4   | Reached XP level 13. HP: 75/75 MP: 26/26
 16921 | Lair:4   | XOM: scenery: create altars
 17145 | Lair:4   | XOM: god gift: 30 gold pieces
 17160 | Lair:5   | Entered Level 5 of the Lair of Beasts
 17212 | Lair:4   | XOM: blink monster(s)
 17349 | Lair:4   | XOM: silly message
 17353 | Lair:4   | XOM: polymorph death yak -> alligator snapping turtle
 17358 | Lair:5   | XOM: noise
 17385 | Lair:5   | Reached skill level 6 in Evocations
 17491 | Lair:5   | XOM: enchant monster (bad)
 17492 | Lair:5   | XOM: confusion (+ monsters)
 17507 | Lair:5   | XOM: summons friendly crimson imp
 17572 | Lair:5   | XOM: silly message
 17701 | Lair:5   | Reached skill level 14 in Dodging
 17809 | Lair:5   | Reached skill level 7 in Evocations
 17925 | Lair:5   | XOM: divination: detect creatures
 17978 | Lair:5   | XOM: divination: magic mapping
 17997 | Lair:5   | XOM: summons 2 friendly demons
 18008 | Lair:5   | Reached skill level 1 in Shapeshifting
 18014 | Lair:5   | XOM: god gift: glowing robe {god gift}
 18070 | Lair:5   | XOM: scenery: summon butterflies
 18115 | Lair:5   | XOM: cloud trail
 18199 | Lair:5   | Reached skill level 6 in Stealth
 18212 | Lair:5   | XOM: enchant monster (good)
 18221 | Lair:5   | XOM: scenery: summon butterflies
 18525 | D:3      | Bought a potion of haste for 130 gold pieces
 18525 | D:3      | Bought a potion of mutation for 104 gold pieces
 18525 | D:3      | Bought a potion of might for 52 gold pieces
 18525 | D:3      | Bought a potion of enlightenment for 65 gold pieces
 18525 | D:3      | Bought a potion of magic for 104 gold pieces
 18696 | D:6      | Killed topfpfpflanze's ghost
 18697 | D:6      | Reached skill level 2 in Shapeshifting
 19096 | D:11     | XOM: chaos upgrade
 19098 | D:11     | XOM: enchant monster (bad)
 19157 | D:11     | XOM: god gift: plate armour {god gift}
 19303 | D:11     | XOM: scenery: 1 doors close
 19312 | D:11     | XOM: noise
 19324 | D:11     | XOM: cast spell 'Cause Fear'
 19332 | D:11     | Reached skill level 7 in Stealth
 19448 | D:11     | XOM: noise
 19564 | D:11     | Reached skill level 3 in Shapeshifting
 20003 | D:12     | XOM: enchant monster (bad)
 20039 | D:12     | Found Juem's Jewellery Emporium.
 20054 | D:12     | Reached skill level 8 in Stealth
 20074 | D:12     | Noticed Maurice
 20075 | D:12     | XOM: noise
 20162 | D:12     | XOM: cast spell 'Cause Fear'
 20164 | D:12     | XOM: enchant monster (bad)
 20197 | D:12     | Killed Maurice
 20210 | D:12     | Found a gate leading to a gauntlet.
 20229 | Gauntlet | Entered a Gauntlet
 20229 | Gauntlet | Found a transporter.
 20229 | Gauntlet | Found a transporter.
 20267 | Gauntlet | Found a transporter.
 20268 | Gauntlet | Found a transporter.
 20277 | Gauntlet | Found a transporter.
 20281 | Gauntlet | Found a transporter.
 20291 | Gauntlet | Found a transporter.
 20296 | Gauntlet | Found a transporter.
 20315 | Gauntlet | Found a transporter.
 20319 | Gauntlet | Found a transporter.
 20329 | Gauntlet | Found a transporter.
 20333 | Gauntlet | Found a transporter.
 20534 | Gauntlet | Reached skill level 4 in Shapeshifting
 20537 | Gauntlet | XOM: divination: detect creatures
 20664 | Gauntlet | XOM: cast spell 'Summon Horrible Things'
 20678 | Gauntlet | Identified the amulet "Lawetoj" {Acrobat rElec rPois Str+3
                  | Dex-5}
 20703 | Gauntlet | XOM: confuse monster(s)
 20715 | Gauntlet | Noticed a minotaur
 20716 | Gauntlet | XOM: confuse monster(s)
 20716 | Gauntlet | Killed a minotaur
 20717 | Gauntlet | Reached skill level 5 in Shapeshifting
 20731 | D:12     | Learned a level 5 spell: Irradiate
 20776 | D:12     | Found Xohewnet's Magic Scroll Emporium.
 20780 | D:12     | Bought a scroll of fear for 48 gold pieces
 20894 | D:12     | XOM: summons friendly crimson imp
 20921 | D:12     | XOM: summons 3 friendly demons
 20925 | D:12     | XOM: enchant monster (good)
 20936 | D:11     | XOM: summons friendly ufetubus
 21208 | D:12     | XOM: cast spell 'Chain of Chaos'
 21371 | D:12     | XOM: cast spell 'Disjunction'
 21401 | Orc:1    | Entered Level 1 of the Orcish Mines
 21504 | D:10     | Lost mutation: Your body sometimes deteriorates upon taking
                  | damage. [potion of mutation]
 21504 | D:10     | Gained mutation: Your system is resistant to poisons.
                  | (rPois) [potion of mutation]
 21504 | D:10     | Gained mutation: You occasionally lose the ability to drink
                  | potions when taking damage. [potion of mutation]
 21504 | D:10     | Gained mutation: You have a pair of small horns on your
                  | head. [potion of mutation]
 21515 | D:10     | XOM: give mutation
 21515 | D:10     | Gained mutation: You are vulnerable to cold. (rC-) [Xom's
                  | mischief]
 21534 | D:10     | Reached skill level 6 in Shapeshifting
 21573 | Orc:1    | XOM: enchant monster (good)
 21724 | Orc:2    | Entered Level 2 of the Orcish Mines
 21724 | Orc:2    | Found a staircase to the Elven Halls.
 21728 | Orc:2    | Noticed Sonja
 21730 | Orc:2    | Sonja changed into Sonja the golden eye
 21730 | Orc:2    | Noticed Sonja
 21737 | Orc:2    | Noticed Nessos
 21770 | Orc:1    | XOM: cast spell 'Alistair's Intoxication'
 21780 | Orc:1    | Slain by an orc knight
 21817 | Orc:1    | XOM: scenery: create altars
 21822 | Orc:1    | XOM: potion effect (might)
 21955 | Orc:2    | Your ally Nessos died
 21957 | Orc:2    | XOM: chaos upgrade
 21973 | Orc:1    | XOM: give mutations
 21973 | Orc:1    | Gained mutation: You are robust. (+10% HP) [Xom's grace]
 21973 | Orc:1    | Gained mutation: Your flesh is heat resistant. (rF+) [Xom's
                  | grace]
 21973 | Orc:1    | Gained mutation: Your muscles are strong. (Str +4, Int/Dex
                  | -1) [Xom's grace]
 22152 | Orc:2    | Killed Sonja the golden eye
 22303 | Orc:2    | XOM: confuse monster(s)
 22304 | Orc:2    | XOM: 3-stop teleportation journey
 22329 | Orc:2    | XOM: enchant monster (good)
 22358 | Orc:2    | XOM: scenery: summon butterflies
 22360 | Orc:2    | Found Tushruki's Weapon Boutique.
 22393 | Orc:2    | Noticed Erolcha
 22406 | Orc:2    | Killed Erolcha
 22407 | Orc:2    | Reached XP level 14. HP: 53/88 MP: 20/27
 22420 | Orc:2    | Reached skill level 7 in Shapeshifting
 22421 | Orc:2    | XOM: fog
 22425 | Orc:2    | XOM: god gift: 44 gold pieces
 23104 | Orc:2    | Reached skill level 8 in Shapeshifting
 23158 | Orc:2    | Found Raumeol's Distillery.
 23158 | Orc:2    | Found Tanku Post's Magic Scroll Emporium.
 23160 | Orc:2    | Found Soak's Jewellery Shoppe.
 23162 | Orc:2    | Found Bawirua's Book Shop.
 23166 | Orc:2    | Bought a potion of curing for 39 gold pieces
 23166 | Orc:2    | Bought a potion of curing for 39 gold pieces
 23176 | Orc:2    | Bought a potion of lignification for 39 gold pieces
 23176 | Orc:2    | Bought a potion of berserk rage for 65 gold pieces
 23177 | Orc:2    | Bought a scroll of blinking for 90 gold pieces
 23306 | D:8      | Bought a lightning rod (4/4) for 600 gold pieces
 23434 | D:12     | XOM: 2-stop teleportation journey
 23555 | D:12     | XOM: fog
 24015 | D:12     | XOM: scenery: summon butterflies
 24296 | D:13     | Found a gate to the Vaults.
 24304 | D:13     | XOM: confusion (+ monsters)
 24305 | D:13     | XOM: fog
 24319 | D:13     | Reached skill level 9 in Shapeshifting
 24369 | D:13     | XOM: scenery: create altars
 24390 | D:13     | XOM: divination: magic mapping
 24980 | D:12     | XOM: give mutations
 24980 | D:12     | Gained mutation: You have hidden genetic potential. [Xom's
                  | grace]
 24980 | D:12     | Gained mutation: You expend magic power (3 MP) to
                  | strengthen your wands. [Xom's grace]
 24980 | D:12     | Gained mutation: Your natural rate of healing is unusually
                  | fast. [Xom's grace]
 24980 | D:12     | Gained mutation: You have a somewhat thin skeletal
                  | structure. (Dex +2, Stealth+) [Xom's grace]
 25098 | D:13     | XOM: 2-stop teleportation journey
 25155 | D:13     | XOM: god gift: scroll of immolation
 25727 | D:13     | Reached skill level 10 in Shapeshifting
 25735 | D:13     | XOM: divination: magic mapping
 25864 | D:13     | XOM: draining
 25919 | D:13     | XOM: god gift: scroll of poison
 25927 | D:13     | XOM: summons 8 hostile demons
 26018 | D:14     | Found a sacrificial altar of Ru.
 26034 | D:14     | Reached skill level 1 in Conjurations
 26034 | D:14     | Reached skill level 1 in Transmutations
 26124 | D:14     | Reached skill level 2 in Transmutations
 26205 | D:14     | XOM: butterfly on damage
 26214 | D:14     | Reached skill level 2 in Conjurations
 26221 | D:14     | XOM: summons friendly quasit
 26350 | D:14     | Reached skill level 3 in Transmutations
 26367 | D:14     | XOM: divination: magic mapping
 26379 | D:14     | Reached skill level 3 in Conjurations
 26639 | D:14     | XOM: 2-stop teleportation journey
 26655 | D:14     | XOM: smoke on damage
 26668 | D:14     | Reached skill level 4 in Transmutations
 26674 | D:14     | XOM: smoke on damage
 26678 | D:14     | XOM: smoke on damage
 26838 | D:14     | Acquired 1066 gold pieces
 27053 | D:5      | Bought a manual of Transmutations for 1040 gold pieces
 27311 | D:14     | Noticed Frances
 27378 | D:14     | XOM: divination: detect creatures
 27462 | D:14     | XOM: god gift: Byih's Elucidation of Telluric Calling {god
                  | gift}
 27463 | D:14     | Got Byih's Elucidation of Telluric Calling {god gift}
 27481 | D:14     | XOM: give mutations
 27481 | D:14     | Gained mutation: Your mind is acute. (Int +4, Str/Dex -1)
                  | [Xom's grace]
 27481 | D:14     | Gained mutation: You are strong-willed. (Will+) [Xom's
                  | grace]
 27481 | D:14     | Gained mutation: You are highly strong-willed. (Will++)
                  | [Xom's grace]
 27496 | D:14     | XOM: scenery: summon butterflies
 27521 | D:14     | XOM: scenery: 1 doors open
 27635 | D:14     | Reached skill level 5 in Transmutations
 27682 | D:14     | Noticed Snorg
 27692 | D:14     | Killed Snorg
 27693 | D:14     | Reached skill level 4 in Conjurations
 27712 | D:14     | XOM: give mutations
 27712 | D:14     | Gained mutation: You have an increased reservoir of magic.
                  | (+10% MP) [Xom's grace]
 27712 | D:14     | Gained mutation: You have a pair of horns on your head.
                  | [Xom's grace]
 27712 | D:14     | Lost mutation: You have hidden genetic potential. [Xom's
                  | grace]
 27712 | D:14     | Gained mutation: You are somewhat resistant to further
                  | mutation. [Xom's grace]
 27950 | D:14     | Killed Frances
 27966 | D:14     | Reached skill level 6 in Transmutations
 27986 | D:14     | XOM: scenery: 4 doors open, 1 doors close
 27995 | D:15     | Entered Level 15 of the Dungeon
 28004 | D:15     | Found Elenas's Assorted Antiques.
 28298 | D:14     | Reached skill level 7 in Transmutations
 28382 | D:15     | Reached skill level 5 in Conjurations
 28382 | D:15     | Reached XP level 15. HP: 92/92 MP: 28/30
 28452 | D:15     | XOM: god gift: amulet of regeneration
 28520 | D:15     | XOM: god gift: wand of light (6)
 28534 | D:15     | XOM: scenery: summon butterflies
 28537 | D:15     | Identified the amulet "Ynolaqip" {Faith Drain MP+9 Dex+4}
                  | (Xom gifted it to you on level 15 of the Dungeon)
 28537 | D:15     | XOM: god gift: amulet "Ynolaqip" {Faith Drain MP+9 Dex+4}
 28636 | D:15     | XOM: god gift: scroll of silence
 28713 | D:15     | XOM: potion effect (invisibility)
 28718 | D:15     | Reached skill level 8 in Transmutations
 28778 | D:15     | Found a staircase to the Depths.
 28934 | D:15     | XOM: cloud trail
 29071 | D:15     | Upgraded the game from 0.31-a0-1139-gec03705108 to
                  | 0.31-a0-1147-g46bab52692
 29256 | Spider:1 | Entered Level 1 of the Spider Nest
 29263 | Spider:1 | Reached skill level 9 in Transmutations
 29291 | Spider:1 | XOM: cast spell 'Alistair's Intoxication'
 29306 | Spider:1 | Reached skill level 6 in Conjurations
 29439 | Spider:1 | Reached skill level 10 in Transmutations
 29534 | Spider:1 | XOM: noise
 29660 | Spider:1 | XOM: cast spell 'Call Canine Familiar'
 29661 | Spider:1 | XOM: divination: detect creatures
 29671 | Spider:1 | Reached skill level 11 in Transmutations
 29680 | Spider:1 | XOM: divination: magic mapping
 30023 | Spider:1 | XOM: cloud trail
 30212 | Spider:1 | Reached skill level 12 in Transmutations
 30389 | Spider:1 | XOM: scenery: create altars
 30414 | Spider:1 | XOM: god gift: twitching silver amulet {god gift}
 30414 | Spider:1 | Identified the amulet of Vuickimi {Faith rCorr SInv} (Xom
                  | gifted it to you on level 1 of the Spider Nest)
 30432 | Spider:1 | XOM: give mutations
 30432 | Spider:1 | Gained mutation: You are agile. (Dex +4, Str/Int -1) [Xom's
                  | grace]
 30432 | Spider:1 | Gained mutation: You are partially covered in iridescent
                  | scales. (AC +2) [Xom's grace]
 30432 | Spider:1 | Gained mutation: Your spells are a little harder to cast,
                  | but a little more powerful. [Xom's grace]
 30648 | Spider:2 | Learned a level 2 spell: Passwall
 30653 | Spider:2 | Learned a level 4 spell: Petrify
 30655 | Spider:2 | Learned a level 1 spell: Summon Small Mammal
 30848 | Spider:2 | Reached skill level 1 in Earth Magic
 31241 | Spider:2 | Reached skill level 15 in Dodging
 31372 | Spider:2 | XOM: divination: detect items
 31379 | Spider:2 | Reached skill level 2 in Earth Magic
 31417 | Spider:2 | XOM: summons 3 friendly demons
 31422 | Spider:2 | XOM: give mutations
 31422 | Spider:2 | Lost mutation: You are partially covered in iridescent
                  | scales. (AC +2) [Xom's mischief]
 31422 | Spider:2 | Lost mutation: You have a pair of horns on your head.
                  | [Xom's mischief]
 31422 | Spider:2 | Lost mutation: You are robust. (+10% HP) [Xom's mischief]
 31609 | Spider:2 | Reached skill level 12 in Unarmed Combat
 31792 | Spider:2 | XOM: cloud trail
 31821 | Spider:2 | XOM: 5-stop teleportation journey
 32126 | Spider:2 | XOM: give mutation
 32126 | Spider:2 | Lost mutation: You have an increased reservoir of magic.
                  | (+10% MP) [Xom's mischief]
 32150 | Spider:3 | Reached skill level 13 in Transmutations
 32151 | Spider:3 | XOM: cleaving
 32168 | Spider:2 | Reached skill level 3 in Earth Magic
 32421 | Spider:3 | Reached XP level 16. HP: 88/88 MP: 27/29
 32607 | Spider:3 | XOM: 1-stop teleportation journey
 32779 | Spider:3 | Reached skill level 4 in Earth Magic
 32800 | Spider:3 | XOM: chaos cloud
 32996 | Spider:3 | Reached skill level 16 in Dodging
 33022 | Spider:3 | XOM: noise
 33054 | Spider:3 | XOM: summons 1 hostile demon
 33431 | Spider:3 | Reached skill level 13 in Unarmed Combat
 33488 | Spider:3 | XOM: blink monster(s)
 33496 | Spider:3 | XOM: summons 3 hostile shadow creatures
 33637 | Spider:3 | XOM: torment (58/88 hp)
 33926 | Spider:3 | XOM: torment (57/88 hp)
 34230 | Spider:3 | Reached skill level 17 in Dodging
 34275 | Spider:3 | XOM: silly message
 34857 | Spider:4 | Entered Level 4 of the Spider Nest
 34860 | Spider:4 | Noticed Louise
 35193 | Spider:4 | Noticed Kirke
 35212 | Spider:4 | Killed Kirke
 35368 | Spider:4 | XOM: noise
 35495 | Spider:4 | XOM: confusion
 35506 | Spider:4 | XOM: silly message
 35507 | Spider:4 | XOM: 3-stop teleportation journey
 35672 | Spider:4 | XOM: noise
 35782 | Spider:4 | XOM: 1-stop teleportation journey
 35845 | Spider:4 | XOM: give mutation
 35845 | Spider:4 | Lost mutation: Your system is resistant to poisons. (rPois)
                  | [Xom's mischief]
 35849 | Spider:4 | XOM: summons 16 friendly demons
 35853 | Spider:4 | XOM: smoke on damage
 35868 | Spider:4 | XOM: divination: detect items
 35930 | Spider:4 | Reached skill level 9 in Stealth
 35952 | Spider:4 | XOM: butterfly on damage
 36133 | Spider:4 | XOM: confuse monster(s)
 36135 | Spider:4 | XOM: fog
 36228 | Spider:4 | Killed Louise
 36437 | Spider:4 | XOM: cast spell 'Alistair's Intoxication'
 36620 | Spider:4 | XOM: god gift: scroll of vulnerability
 36834 | Spider:4 | Noticed Arachne
 36852 | Spider:4 | XOM: fog
 36863 | Spider:4 | Killed Arachne
 36864 | Spider:4 | Reached skill level 14 in Transmutations
 36864 | Spider:4 | Reached XP level 17. HP: 94/94 MP: 23/30
 37069 | Spider:4 | XOM: divination: detect items
 37285 | Spider:4 | XOM: blink monster(s)
 37403 | Spider:4 | Reached skill level 14 in Unarmed Combat
 37418 | Spider:4 | XOM: potion effect (magic)
 37536 | Spider:4 | Got a gossamer rune of Zot
 37607 | Spider:4 | Reached skill level 10 in Stealth
 38266 | Orc:2    | Bought the ring of Peace {rF++ rN+ Dex+6} for 905 gold
                  | pieces
 38770 | Lair:2   | Reached skill level 9 in Spellcasting
 38892 | Lair:2   | XOM: potion effect (invisibility)
 39082 | Lair:2   | XOM: 3-stop teleportation journey
 39129 | Lair:2   | XOM: god gift: 14 gold pieces
 39386 | Lair:5   | Reached skill level 18 in Dodging
 39406 | Lair:5   | XOM: smoke on damage
 39495 | Lair:5   | XOM: polymorph blink frog -> gnoll
 39542 | Lair:5   | Noticed topfpfpflanze's ghost (journeyman FeFi)
 39573 | Lair:5   | Found a runed translucent gate.
 39573 | Lair:5   | Found a runed translucent gate.
 39573 | Lair:5   | Found a runed translucent gate.
 40049 | Lair:5   | Identified the +4 short sword of Premature Burial {freeze,
                  | Fly}
 40061 | Lair:5   | Reached skill level 15 in Transmutations
 40066 | Lair:5   | Reached skill level 13 in Fighting
 40141 | Lair:5   | Reached skill level 11 in Stealth
 40373 | Lair:5   | Found a corrupted altar of Lugonu.
 40373 | Lair:5   | Found a one-way gate to the infinite horrors of the Abyss.
 40440 | Lair:5   | XOM: silly message
 40525 | Lair:5   | XOM is BORED!
 40525 | Lair:5   | XOM: silly message
 40535 | Lair:5   | XOM: silly message
 40593 | Swamp:1  | Entered Level 1 of the Swamp
 40945 | Swamp:1  | Noticed Mlioglotl
 40954 | Swamp:1  | XOM: potion effect (attraction)
 40954 | Swamp:1  | Killed Mlioglotl
 41123 | Swamp:1  | Identified the +4 falchion of Defilement {holy, rC++ Will+}
 41153 | Swamp:1  | XOM: divination: magic mapping
 41187 | Swamp:1  | XOM: silly message
 41344 | Swamp:2  | XOM: divination: magic mapping
 41446 | Swamp:2  | Noticed Nikola
 41456 | Swamp:2  | Killed Nikola
 41752 | Swamp:2  | Reached skill level 12 in Stealth
 41768 | Swamp:2  | XOM: enchant monster (good)
 41775 | Swamp:2  | Reached XP level 18. HP: 88/100 MP: 32/32
 41828 | Swamp:2  | Identified the blade talisman "Galasol" {rElec rF+ Will+
                  | Str+2}
 42135 | Swamp:3  | XOM: 1-stop teleportation journey
 42174 | Swamp:3  | Reached skill level 10 in Spellcasting
 42214 | Swamp:3  | XOM: 1-stop teleportation journey
 42504 | Swamp:3  | XOM: scenery: create altars
 42762 | Swamp:3  | Found a frozen archway.
 42780 | IceCv    | Entered an ice cave
 42844 | IceCv    | XOM: enchant monster (good)
 42935 | Swamp:4  | Entered Level 4 of the Swamp
 43047 | Swamp:3  | Reached skill level 15 in Unarmed Combat
 43101 | Swamp:4  | XOM: summons friendly crimson imp
 43151 | Swamp:4  | XOM: summons friendly iron imp
 43387 | Swamp:3  | XOM: scenery: create altars
 43409 | Swamp:4  | XOM: summons friendly iron imp
 43411 | Swamp:4  | Reached skill level 19 in Dodging
 43729 | Swamp:4  | XOM: divination: detect items
 43734 | Swamp:4  | XOM: scenery: summon butterflies
 43823 | Swamp:4  | XOM: 4-stop teleportation journey
 43827 | Swamp:4  | Noticed the 27-headed Lernaean hydra
 43831 | Swamp:4  | XOM: summons 7 friendly demons
 44080 | Swamp:4  | Reached skill level 13 in Stealth
 44684 | Swamp:4  | XOM: god gift: 29 gold pieces
 44723 | Swamp:4  | XOM: give mutations
 44723 | Swamp:4  | Gained mutation: You are resistant to electric shocks.
                  | (rElec) [Xom's grace]
 44723 | Swamp:4  | Gained mutation: You possess an exceptional clarity of
                  | mind. [Xom's grace]
 44723 | Swamp:4  | Gained mutation: You have a moderately thin skeletal
                  | structure. (Dex +4, Stealth++) [Xom's grace]
 44758 | Swamp:4  | XOM: cast spell 'Disjunction'
 44766 | Swamp:4  | XOM: chaos cloud
 44772 | Swamp:4  | XOM: summons friendly shadow imp
 44774 | Swamp:4  | Slain by the 27-headed Lernaean hydra
 44778 | Swamp:4  | Got a decaying rune of Zot
 44792 | Swamp:4  | Reached skill level 14 in Fighting
 44794 | Swamp:4  | XOM: smoke on damage
 44820 | Swamp:4  | Killed the 27-headed Lernaean hydra
 44895 | Swamp:4  | XOM: give mutation
 44895 | Swamp:4  | Lost mutation: You are agile. (Dex +4, Str/Int -1) [Xom's
                  | mischief]
 44970 | Swamp:4  | XOM: scenery: summon butterflies
 44987 | Swamp:3  | XOM: silly message
 45066 | Lair:2   | XOM: scenery: create altars
 45162 | Elf:1    | Entered Level 1 of the Elven Halls
 45179 | Elf:1    | Found a radiant altar of Vehumet.
 45187 | Elf:1    | XOM: summons 4 friendly demons
 45220 | Elf:1    | XOM: polymorph deep elf archer -> entropy weaver
 45222 | Elf:1    | Noticed Jorgrun
 45222 | Elf:1    | XOM: 3-stop teleportation journey
 45321 | Elf:1    | XOM: confuse monster(s)
 45373 | Elf:1    | XOM: summons friendly red devil
 45416 | Elf:1    | XOM: 1-stop teleportation journey
 45665 | Elf:1    | XOM: summons friendly white imp
 45670 | Elf:1    | Reached skill level 16 in Transmutations
 45719 | Elf:1    | Killed Jorgrun
 45720 | Elf:1    | Reached XP level 19. HP: 94/106 MP: 34/34
 45840 | Elf:1    | Got Vehumet's Incunable of Conflict
 46005 | Elf:1    | XOM: divination: detect creatures
 46090 | Elf:1    | Learned a level 1 spell: Apportation
 46096 | Elf:1    | Learned a level 5 spell: Silence
 46169 | Elf:2    | XOM: give mutations
 46169 | Elf:2    | Gained mutation: You have an increased reservoir of magic.
                  | (+10% MP) [Xom's grace]
 46169 | Elf:2    | Gained mutation: Your spells are harder to cast, but more
                  | powerful. [Xom's grace]
 46193 | Elf:2    | XOM: summons 2 hostile demons
 46196 | Elf:2    | Killed from afar by a deep elf knight
 46197 | Elf:2    | Reached skill level 1 in Air Magic
 46230 | Elf:1    | XOM: scenery: 1 doors close
 46308 | Elf:2    | Found Zeagh's Assorted Antiques.
 46330 | Elf:2    | Bought a scroll of blinking for 165 gold pieces
 46409 | Elf:2    | Found a huge runed translucent gate.
 46409 | Elf:2    | Found a huge runed translucent gate.
 46409 | Elf:2    | Found a huge runed translucent gate.
 46409 | Elf:2    | Found a huge runed translucent gate.
 46410 | Elf:2    | Found a huge runed translucent gate.
 46439 | Elf:2    | Identified the +8 short sword "Diyddob" {freeze, rF+ rN+
                  | MP+9}
 46478 | Elf:2    | Reached skill level 2 in Air Magic
 46637 | Elf:2    | XOM: summons 11 friendly demons
 46800 | Elf:2    | XOM: 1-stop teleportation journey
 46877 | Elf:3    | Entered Level 3 of the Elven Halls
 46900 | Elf:3    | Noticed Mara
 46916 | Elf:3    | Killed Mara
 47041 | Elf:3    | Reached skill level 3 in Air Magic
 47041 | Elf:3    | Reached skill level 11 in Shapeshifting
 47070 | Elf:3    | XOM: 1-stop teleportation journey
 47137 | Elf:3    | XOM: destruction
 47143 | Elf:3    | XOM: fog
 47152 | Elf:3    | XOM: give mutations
 47152 | Elf:3    | Gained mutation: You passively dampen the noise of your
                  | surroundings. [Xom's grace]
 47152 | Elf:3    | Gained mutation: You have very sharp fingernails. [Xom's
                  | grace]
 47152 | Elf:3    | Gained mutation: You are partially covered in large bone
                  | plates. (SH +4) [Xom's grace]
 47152 | Elf:3    | Gained mutation: Your muscles are very strong. (Str +8,
                  | Int/Dex -2) [Xom's grace]
 47153 | Elf:3    | XOM: polymorph deep elf zephyrmancer -> culicivora
 47278 | Elf:3    | Found Ysuit's Magic Scroll Shop.
 47287 | Elf:3    | Bought a scroll of acquirement for 780 gold pieces
 47287 | Elf:3    | Acquired 824 gold pieces
 47289 | Elf:3    | Bought a scroll of teleportation for 45 gold pieces
 47289 | Elf:3    | Bought a scroll of summoning for 142 gold pieces
 47289 | Elf:3    | Bought a scroll of immolation for 60 gold pieces
 47289 | Elf:3    | Bought a scroll of vulnerability for 60 gold pieces
 47289 | Elf:3    | Bought a scroll of summoning for 142 gold pieces
 47305 | Elf:3    | XOM: scenery: create altars
 47537 | Elf:3    | XOM: god gift: 3 darts of dispersal
 47708 | Elf:3    | XOM: potion effect (attraction)
 48029 | Vaults:1 | Entered Level 1 of the Vaults
 48042 | Vaults:1 | Reached skill level 4 in Air Magic
 48043 | Vaults:1 | Reached skill level 20 in Dodging
 48148 | Vaults:1 | XOM: divine lightning
 48309 | Vaults:1 | XOM: cloud trail
 48720 | Vaults:1 | Acquired 519 gold pieces
 48923 | Vaults:1 | XOM: summons 16 friendly demons
 48950 | Vaults:1 | XOM: 3-stop teleportation journey
 48967 | Vaults:1 | XOM: cast spell 'Summon Horrible Things'
 49024 | Vaults:1 | XOM: summons friendly crimson imp
 49204 | Vaults:1 | Reached skill level 12 in Shapeshifting
 49377 | Vaults:1 | XOM is BORED!
 49377 | Vaults:1 | XOM: summons 2 hostile shadow creatures
 49546 | Vaults:1 | XOM: give mutation
 49546 | Vaults:1 | Gained mutation: You are somewhat resistant to both further
                  | mutation and mutation removal. [Xom's grace]
 49910 | Vaults:2 | XOM: confuse monster(s)
 49965 | Vaults:2 | XOM: god gift: Xom's Octavo of Loss {god gift}
 49968 | Vaults:2 | Got Xom's Octavo of Loss {god gift}
 49976 | Vaults:2 | Learned a level 4 spell: Vhi's Electric Charge
 50071 | Vaults:2 | Noticed Saint Roka
 50109 | Vaults:2 | XOM: 7-stop teleportation journey
 50116 | Vaults:2 | XOM: confuse monster(s)
 50571 | Vaults:2 | Reached skill level 13 in Shapeshifting
 50823 | Vaults:2 | Killed Saint Roka
 50824 | Vaults:2 | Reached XP level 20. HP: 111/112 MP: 25/39
 51194 | Vaults:2 | Found a staircase to the Crypt.
 51228 | Vaults:2 | XOM: give mutations
 51228 | Vaults:2 | Lost mutation: You are vulnerable to cold. (rC-) [Xom's
                  | mischief]
 51228 | Vaults:2 | Lost mutation: You are resistant to electric shocks.
                  | (rElec) [Xom's mischief]
 51228 | Vaults:2 | Lost mutation: You occasionally lose the ability to drink
                  | potions when taking damage. [Xom's mischief]
 51228 | Vaults:2 | Lost mutation: You are highly strong-willed. (Will++)
                  | [Xom's mischief]
 51627 | Vaults:3 | Paralysed by a formless jellyfish for 1 turns
 51688 | Vaults:3 | Noticed Sojobo
 51837 | Vaults:3 | Reached skill level 14 in Shapeshifting
 51881 | Vaults:3 | XOM: smoke on damage
 51901 | Vaults:3 | XOM: polymorph vault warden -> boulder beetle
 51998 | Vaults:3 | XOM: cleaving
 52008 | Vaults:3 | Killed Sojobo
 52033 | Vaults:3 | XOM: cloud trail
 52079 | Vaults:3 | XOM: scenery: 1 doors close
 52227 | Vaults:3 | XOM: give mutation
 52227 | Vaults:3 | Gained mutation: A frigid envelope surrounds you and
                  | freezes all who hurt you. [Xom's grace]
 52307 | Vaults:3 | XOM: polymorph yaktaur captain -> glowing shapeshifter
 52400 | Vaults:3 | XOM: 7-stop teleportation journey
 52520 | Vaults:3 | Reached skill level 15 in Shapeshifting
 52577 | Vaults:3 | XOM: fog
 52591 | Vaults:3 | XOM: god gift: scroll of enchant weapon
 52823 | Vaults:3 | XOM: 1-stop teleportation journey
 52871 | Vaults:4 | XOM: fog
 52878 | Vaults:4 | XOM: 1-stop teleportation journey
 52915 | Vaults:4 | Reached skill level 1 in Translocations
 53003 | Vaults:4 | Reached skill level 2 in Translocations
 53043 | Vaults:4 | Reached skill level 3 in Translocations
 53140 | Vaults:4 | Reached skill level 4 in Translocations
 53160 | Vaults:4 | Noticed Boris
 53258 | Vaults:4 | XOM: summons 11 friendly demons
 53277 | Vaults:4 | Reached skill level 5 in Translocations
 53565 | Vaults:4 | XOM: divination: detect items
 53580 | Vaults:4 | Killed Boris
 53726 | Vaults:4 | XOM: chaos upgrade
 53731 | Vaults:4 | Reached skill level 6 in Translocations
 53739 | Vaults:4 | Noticed Norris
 53769 | Vaults:4 | XOM: give mutations
 53769 | Vaults:4 | Gained mutation: You have claws for hands. [Xom's grace]
 53769 | Vaults:4 | Gained mutation: Your mind is very acute. (Int +8, Str/Dex
                  | -2) [Xom's grace]
 53769 | Vaults:4 | Gained mutation: Your flesh is very heat resistant. (rF++)
                  | [Xom's grace]
 53769 | Vaults:4 | Gained mutation: Your spells are much harder to cast, but
                  | much more powerful. [Xom's grace]
 53773 | Vaults:4 | Killed Norris
 53913 | Vaults:4 | Reached skill level 7 in Translocations
 53914 | Vaults:4 | XOM: divination: magic mapping
 53921 | Vaults:4 | XOM: potion effect (haste)
 53978 | Vaults:4 | XOM: summons friendly ufetubus
 54018 | Vaults:4 | Reached skill level 8 in Translocations
 54226 | Vaults:3 | Reached skill level 16 in Shapeshifting
 54295 | Orc:1    | XOM: give mutations
 54295 | Orc:1    | Lost mutation: Your muscles are very strong. (Str +8,
                  | Int/Dex -2) [Xom's mischief]
 54295 | Orc:1    | Lost mutation: You expend magic power (3 MP) to strengthen
                  | your wands. [Xom's mischief]
 54399 | Elf:3    | XOM: noise
 54404 | Elf:3    | Reached skill level 9 in Translocations
 54404 | Elf:3    | Reached XP level 21. HP: 80/116 MP: 26/40
 54443 | Elf:3    | XOM: silly message
 54622 | Elf:3    | Identified the +2 robe "Juhan" {rElec Int+3}
 54626 | Elf:3    | Reached skill level 10 in Translocations
 54768 | Elf:3    | Reached skill level 11 in Translocations
 54835 | Elf:3    | Identified the +3 mace of Bodily Humours {pain, Will+
                  | Stlth+}
 54835 | Elf:3    | Identified the ring "Pywiog" {Wiz rPois rN+ Will+ Dex-4}
 54977 | Elf:3    | Identified the +8 plate armour of the Arena {Rampage rC+++
                  | Regen+ Int-4}
 54978 | Elf:3    | Identified the +12 hand axe of the Grim God {speed, rPois
                  | Str+2 Dex+3}
 55002 | Elf:3    | Identified the +1 halberd of Ceroegoi {freeze, rElec rCorr
                  | Int-4}
 55003 | Elf:3    | XOM: give mutations
 55003 | Elf:3    | Lost mutation: You are strong-willed. (Will+) [Xom's
                  | mischief]
 55003 | Elf:3    | Lost mutation: You have an increased reservoir of magic.
                  | (+10% MP) [Xom's mischief]
 55013 | Elf:3    | Reached skill level 12 in Translocations
 55093 | Elf:3    | Reached skill level 5 in Air Magic
 55162 | Elf:3    | Noticed Bai Suzhen
 55328 | Elf:3    | Reached skill level 14 in Stealth
 55343 | Elf:3    | Identified the serpent talisman "Bacixtet" {rN++ Str+3
                  | Dex+4 Stlth-}
 55343 | Elf:3    | Noticed Aizul
 55348 | Elf:3    | Killed Aizul
 55351 | Elf:3    | Reached skill level 11 in Spellcasting
 55353 | Elf:3    | Identified the +5 sling "Ojoud" {drain, Fly rPois SInv}
 55404 | Elf:3    | XOM: enchant monster (bad)
 55411 | Elf:3    | XOM: silly message
 55412 | Elf:3    | XOM: divination: magic mapping
 55443 | Elf:3    | XOM: potion effect (invisibility)
 55446 | Elf:3    | XOM: silly message
 55447 | Elf:3    | Bai Suzhen changed into Bai Suzhen the titan
 55447 | Elf:3    | Noticed Bai Suzhen
 55450 | Elf:3    | Killed Bai Suzhen the titan
 55564 | Elf:3    | Got the Teachings on Virulent Location
 55565 | Elf:3    | Identified the +0 cloak "Byiz" {Harm rN+ Int+4 Stlth+}
 55836 | Depths:1 | Entered Level 1 of the Depths
 55876 | Depths:1 | XOM: cast spell 'Death Channel'
 55880 | Depths:1 | Reached skill level 15 in Fighting
 55900 | Depths:1 | Found a shimmering blue altar of Sif Muna.
 55937 | Depths:1 | Found a runed translucent gate.
 55937 | Depths:1 | Found a runed translucent gate.
 55937 | Depths:1 | Found a runed translucent gate.
 55937 | Depths:1 | Found a runed translucent gate.
 55937 | Depths:1 | Found a runed translucent gate.
 55937 | Depths:1 | Found a runed translucent gate.
 55937 | Depths:1 | Found the +2 Maxwell's thermic engine {flame, freeze, rev}
 56044 | Depths:1 | XOM: noise
 56172 | Depths:1 | XOM: divination: detect items
 56255 | Depths:1 | Found a gateway to Hell.
 56447 | Depths:1 | XOM: silly message
 56476 | Depths:1 | XOM: silly message
 56793 | Depths:2 | XOM: noise
 56806 | Depths:2 | Noticed Boris
 56816 | Depths:2 | Killed Boris
 56817 | Depths:2 | Reached skill level 6 in Air Magic
 56977 | Depths:2 | XOM: potion effect (might)
 56983 | Depths:2 | XOM: potion effect (attraction)
 57058 | Depths:2 | Found a stormy altar of Qazlal.
 57064 | Depths:2 | Reached skill level 16 in Unarmed Combat
 57271 | Depths:2 | Reached skill level 15 in Stealth
 57481 | Depths:2 | Found a one-way gate leading to the halls of Pandemonium.
 57675 | Depths:2 | Got the Compendium of Mutable Bodies
 57714 | Depths:2 | Got Facoh's Tome of the Ghoulish Panacea
 57730 | Depths:2 | Learned a level 2 spell: Lesser Beckoning
 57736 | Depths:2 | Learned a level 5 spell: Yara's Violent Unravelling
 57744 | Depths:2 | Found a shimmering blue altar of Sif Muna.
 57898 | Depths:2 | Noticed an ancient lich
 57899 | Depths:2 | Noticed an ancient lich
 57907 | Depths:2 | Killed an ancient lich
 57913 | Depths:2 | Killed an ancient lich
 57920 | Depths:2 | Got the Book of Chilly Voltage
 57922 | Depths:2 | Got the Almanac of the Breezy Lithosphere
 57933 | Depths:2 | XOM: god gift: shiny cabochon ring {god gift}
 57936 | Depths:2 | Got Sif Muna's Grimoire of Too Many Cooks
 57938 | Depths:2 | Got the Almanac of the Brume and Location
 57965 | Depths:2 | XOM: fog
 57970 | Depths:2 | Reached XP level 22. HP: 123/123 MP: 38/38
 57986 | Depths:2 | Identified the ring "Woocrath" {rCorr AC+4 Str+9 Dex-5
                  | SInv}
 58069 | Depths:3 | XOM: polymorph deep troll earth mage -> fire giant
 58074 | Depths:3 | XOM: polymorph fire giant -> glowing shapeshifter
 58083 | Depths:3 | Reached skill level 7 in Air Magic
 58197 | Depths:3 | Reached skill level 12 in Spellcasting
 58222 | Depths:3 | Noticed a golden dragon
 58223 | Depths:3 | Noticed a caustic shrike
 58227 | Depths:3 | Killed a caustic shrike
 58229 | Depths:3 | Killed a golden dragon
 58350 | Depths:3 | Reached skill level 16 in Fighting
 58388 | Depths:3 | XOM: swap monsters
 58757 | Depths:3 | XOM: polymorph merfolk impaler -> death drake
 58843 | Depths:3 | Noticed a juggernaut
 58852 | Depths:3 | Reached skill level 17 in Unarmed Combat
 58855 | Depths:3 | Killed a juggernaut
 58873 | Depths:3 | Noticed a juggernaut
 58885 | Depths:3 | a juggernaut changed into a dire elephant
 58885 | Depths:3 | XOM: polymorph juggernaut -> dire elephant
 59016 | Depths:3 | Reached skill level 13 in Spellcasting
 59065 | Depths:3 | Noticed a juggernaut
 59068 | Depths:3 | Killed a juggernaut
 59130 | Depths:3 | XOM: confuse monster(s)
 59139 | Depths:3 | XOM: divine lightning
 59142 | Depths:3 | XOM: fog
 59145 | Depths:3 | Noticed a juggernaut
 59153 | Depths:3 | XOM: butterfly on damage
 59203 | Depths:3 | Killed a juggernaut
 59245 | Depths:3 | XOM: scenery: 3 doors close
 59458 | Depths:3 | Identified the +3 leather armour "Ilogh" {rElec rF+ rC+}
 59558 | Depths:4 | Entered Level 4 of the Depths
 59633 | Depths:4 | XOM: god gift: boomerang
 59665 | Depths:4 | Found a portal to a secret trove of treasure.
 59748 | Depths:4 | XOM: potion effect (might)
 59751 | Depths:4 | XOM: potion effect (magic)
 59774 | Depths:4 | Noticed a golden dragon
 59777 | Depths:4 | XOM: cast spell 'Summon Cactus Giant'
 59780 | Depths:4 | Killed a golden dragon
 59781 | Depths:4 | Reached skill level 18 in Unarmed Combat
 59785 | Depths:4 | Found a gate to the Realm of Zot.
 59785 | Depths:4 | Noticed a golden dragon
 59785 | Depths:4 | XOM: summons friendly quasit
 59788 | Depths:4 | Identified the +2 mace of War {drain, Stlth+}
 59796 | Depths:4 | XOM: summons friendly shadow imp
 59800 | Depths:4 | Reached skill level 14 in Spellcasting
 59801 | Depths:4 | XOM: destruction
 59806 | Depths:4 | XOM: cast spell 'Summon Small Mammal'
 59809 | Depths:4 | Killed a golden dragon
 59830 | Depths:4 | Noticed Frederick
 59830 | Depths:4 | XOM: 3-stop teleportation journey
 59833 | Depths:4 | Killed Frederick
 60012 | Depths:4 | XOM: scenery: 2 doors open
 60043 | Depths:4 | XOM: god gift: 44 gold pieces
 60060 | Depths:4 | Reached XP level 23. HP: 128/128 MP: 42/42
 60168 | Depths:4 | Reached skill level 1 in Poison Magic
 60221 | Depths:4 | Found a one-way gateway to a ziggurat.
 60265 | Depths:4 | Reached skill level 2 in Poison Magic
 60659 | Depths:4 | Reached skill level 3 in Poison Magic
 60697 | Depths:3 | Reached skill level 19 in Unarmed Combat
 60841 | D:14     | Identified the +11 plate armour "Mehuzery" {rN+ Dex+4
                  | Stlth+} (Xom gifted it to you on level 14 of the Dungeon)
 60841 | D:14     | XOM: god gift: +11 plate armour "Mehuzery" {rN+ Dex+4
                  | Stlth+}
 60979 | D:8      | Bought a phial of floods for 600 gold pieces
 60979 | D:8      | Bought a potion of haste for 150 gold pieces
 61024 | D:8      | Bought a scroll of teleportation for 39 gold pieces
 61097 | D:8      | Bought a wand of roots (6) for 216 gold pieces
 61097 | D:8      | Bought a potion of haste for 150 gold pieces
 61106 | D:8      | XOM: god gift: plate armour {god gift}
 61155 | D:9      | XOM: give mutations
 61155 | D:9      | Gained mutation: You are partially covered in iridescent
                  | scales. (AC +2) [Xom's grace]
 61155 | D:9      | Gained mutation: You are almost entirely resistant to
                  | further mutation and mutation removal. [Xom's grace]
 61155 | D:9      | Gained mutation: Your flesh is cold resistant. (rC+) [Xom's
                  | grace]
 61230 | Orc:2    | Bought a scroll of teleportation for 36 gold pieces
 61230 | Orc:2    | Bought a scroll of teleportation for 36 gold pieces
 61230 | Orc:2    | Bought 2 scrolls of teleportation for 72 gold pieces
 61230 | Orc:2    | Bought a scroll of teleportation for 36 gold pieces
 61230 | Orc:2    | Bought a scroll of vulnerability for 48 gold pieces
 61239 | Orc:2    | Bought a potion of might for 52 gold pieces
 61239 | Orc:2    | Bought a potion of enlightenment for 65 gold pieces
 61263 | Orc:2    | XOM: give mutation
 61263 | Orc:2    | Gained mutation: You are mostly covered in large bone
                  | plates. (SH +6) [Xom's grace]
 61285 | D:10     | XOM: divination: detect items
 61401 | Vaults:4 | You fall into a shaft and drop 1 floor!
 61401 | Vaults:5 | Entered Level 5 of the Vaults
 61422 | Vaults:5 | XOM: fake destruction
 61446 | Vaults:5 | XOM: potion effect (invisibility)
 61447 | Vaults:5 | XOM: polymorph storm dragon -> shapeshifter
 61474 | Vaults:5 | XOM: cast spell 'Summon Small Mammal'
 61477 | Vaults:5 | Reached skill level 4 in Poison Magic
 61546 | Vaults:5 | Noticed an ancient lich
 61630 | Vaults:5 | XOM: fog
 61647 | Vaults:5 | Reached skill level 5 in Poison Magic
 61692 | Vaults:5 | Identified the +1 ring mail of Hopscotch {Rampage rN+
                  | Regen+ Stlth-}
 61708 | Vaults:5 | Identified the +3 scale mail of Midwinter {Harm Rampage
                  | *Corrode rElec}
 61731 | Vaults:5 | Killed an ancient lich
 61735 | Vaults:5 | Reached skill level 6 in Poison Magic
 61748 | Vaults:5 | Identified the +1 morningstar "Siar" {flame, Fragile +Blink
                  | rC+ Will+}
 61764 | Vaults:5 | Identified the ring of Intercession {Fly rElec Int+2 Dex+2
                  | Slay-4}
 61778 | Vaults:5 | XOM: summons 12 hostile demons
 61787 | Vaults:5 | XOM: swap monsters
 61789 | Vaults:5 | XOM: fog
 61795 | Vaults:5 | XOM: summons 4 friendly demons
 61799 | Vaults:5 | XOM: potion effect (berserk rage)
 61820 | Vaults:5 | Reached skill level 7 in Poison Magic
 61829 | Vaults:5 | Reached skill level 20 in Unarmed Combat
 62102 | Vaults:5 | Reached skill level 8 in Poison Magic
 62140 | Vaults:5 | XOM: cast spell 'Dispersal'
 62145 | Vaults:5 | XOM: divination: detect items
 62168 | Vaults:5 | Identified the +8 hand axe "Ikui" {drain, Fly rF+}
 62323 | Vaults:5 | XOM: cast spell 'Cause Fear'
 62333 | Vaults:5 | Reached skill level 9 in Poison Magic
 62447 | Vaults:5 | Got the Vademecum on Nightshade
 62547 | Vaults:5 | Got a silver rune of Zot
 62616 | Vaults:5 | Reached skill level 10 in Poison Magic
 63063 | Vaults:3 | Learned a level 2 spell: Blink
 63113 | Crypt:1  | Entered Level 1 of the Crypt
 63142 | Crypt:1  | Reached XP level 24. HP: 133/133 MP: 42/42
 63164 | Crypt:1  | XOM: enchant monster (good)
 63316 | Crypt:1  | Reached skill level 11 in Poison Magic
 63414 | Crypt:1  | Noticed a dread lich
 63414 | Crypt:1  | XOM: 8-stop teleportation journey
 63427 | Crypt:1  | XOM: stat loss: -1 Dex (32/33)
 63460 | Crypt:1  | Killed a dread lich
 63512 | Crypt:1  | Reached skill level 12 in Poison Magic
 63609 | Crypt:1  | XOM: stat loss: -1 Dex (32/33)
 63708 | Crypt:1  | XOM: noise
 63802 | Crypt:2  | Found a transporter.
 63856 | Crypt:1  | XOM: give mutations
 63856 | Crypt:1  | Lost mutation: You have claws for hands. [Xom's mischief]
 63856 | Crypt:1  | Lost mutation: You are almost entirely resistant to further
                  | mutation and mutation removal. [Xom's mischief]
 63890 | Crypt:2  | Identified the amulet "Qybuysee" {RegenMP rF+ Stlth+}
 63931 | Crypt:2  | XOM: noise
 63947 | Crypt:2  | Paralysed by a vampire knight for 5 turns
 63955 | Crypt:2  | XOM: polymorph deep elf death mage -> iron troll
 63962 | Crypt:2  | XOM: enchant monster (good)
 63973 | Crypt:2  | Noticed Divoc's ghost (veteran GrFi)
 63985 | Crypt:2  | XOM: noise
 63997 | Crypt:2  | Reached skill level 13 in Poison Magic
 64044 | Crypt:2  | Found a transporter.
 64046 | Crypt:2  | XOM: silly message
 64198 | Crypt:2  | XOM: silly message
 64232 | Crypt:2  | XOM: potion effect (invisibility)
 64396 | Crypt:2  | XOM: enchant monster (good)
 64398 | Crypt:2  | Reached skill level 14 in Poison Magic
 64525 | Crypt:3  | Entered Level 3 of the Crypt
 64537 | Crypt:3  | Noticed Boris
 64556 | Crypt:3  | Killed Boris
 64654 | Crypt:3  | XOM: enchant monster (bad)
 64815 | Crypt:3  | XOM: confuse monster(s)
 64934 | Crypt:3  | Reached skill level 15 in Poison Magic
 64996 | Crypt:3  | Identified the ring of the Curupira {rElec rF+ rC- rN+
                  | Slay+2}
 64996 | Crypt:3  | Identified the ring "Zadam" {rN+ Int+4}
 64996 | Crypt:3  | Identified the ring of Cubra {rN+ rCorr Stlth+}
 65072 | Crypt:3  | Got the Directory of Battling
 65245 | Crypt:3  | Found an ancient bone altar of Kikubaaqudgha.
 65265 | Crypt:3  | Found the +8 Vampire's Tooth {megavamp}
 65309 | Crypt:3  | Learned a level 4 spell: Manifold Assault
 65312 | Crypt:3  | Learned a level 2 spell: Wereblood
 65468 | Crypt:3  | XOM: divination: magic mapping
 65471 | Crypt:3  | XOM: summons friendly ufetubus
 65478 | Crypt:3  | XOM: cleaving
 65495 | Crypt:3  | XOM: confuse monster(s)
 65497 | Crypt:3  | Reached skill level 16 in Poison Magic
 65650 | Crypt:3  | Identified the ring "Gad Bius" {rC- Will+++ Int+6 Dex+6}
 65670 | Crypt:3  | Found a staircase to the Tomb.
 65765 | Crypt:3  | Identified the +3 eveningstar "Ogre's Funeral" {speed,
                  | Fragile +Blink Int+2}
 66097 | D:13     | XOM: god gift: ring mail {god gift}
 66277 | Depths:4 | You paid a toll of 14 potions of curing to enter a treasure
                  | trove
 66278 | Trove    | Entered a treasure trove
 66280 | Trove    | Found the ring of the Hare {EV+10}
 66282 | Trove    | Identified the amulet "Dapnizue" {RegenMP rElec Int-4
                  | Dex+6}
 66295 | Trove    | Identified the ring "Gadghug" {rC+++ Int+6 Dex-2 Slay+3}
 66298 | Trove    | Identified the amulet of Poin Aqi {Reflect Harm SH+5}
 66301 | Trove    | Identified the ring "Kistrun" {Str+6 Dex+4}
 66310 | Trove    | Identified the ring "Weel Ito" {rPois EV+5 Int-5 Stlth+}
 66316 | Trove    | Identified the ring of Generosity {rPois Will+ Str+6 Int-3
                  | Dex+6}
 66363 | Depths:4 | XOM: torment (139/172 hp)
 66598 | D:12     | Bought a scroll of revelation for 90 gold pieces
 66598 | D:12     | Bought a scroll of vulnerability for 48 gold pieces
 66598 | D:12     | Bought a scroll of fog for 48 gold pieces
 66598 | D:12     | Bought a scroll of silence for 114 gold pieces
 66598 | D:12     | Bought a scroll of revelation for 90 gold pieces
 66817 | Zot:1    | Entered Level 1 of the Realm of Zot
 66827 | Zot:1    | Noticed an orb of fire
 66850 | Zot:1    | Identified the +3 scale mail "Cutsu" {Contam rF++ rN+} (Xom
                  | gifted it to you on level 1 of the Realm of Zot)
 66850 | Zot:1    | XOM: god gift: +3 scale mail "Cutsu" {Contam rF++ rN+}
 66992 | Zot:2    | Reached XP level 25. HP: 137/137 MP: 42/42
 67012 | Zot:2    | XOM: divine lightning
 67032 | Zot:2    | XOM: divination: detect creatures
 67096 | Zot:2    | XOM: give mutations
 67096 | Zot:2    | Gained mutation: You are mostly covered in iridescent
                  | scales. (AC +4) [Xom's grace]
 67096 | Zot:2    | Lost mutation: You are somewhat resistant to both further
                  | mutation and mutation removal. [Xom's grace]
 67096 | Zot:2    | Lost mutation: You are somewhat resistant to further
                  | mutation. [Xom's grace]
 67096 | Zot:2    | Gained mutation: You have hidden genetic potential. [Xom's
                  | grace]
 67112 | Zot:2    | XOM: summons 9 hostile demons
 67152 | Zot:2    | Reached skill level 17 in Poison Magic
 67157 | Zot:2    | XOM: 2-stop teleportation journey
 67158 | Zot:2    | You fall into a shaft and drop 1 floor!
 67809 | Zot:2    | XOM: scenery: summon butterflies
 67822 | Zot:3    | XOM: 1-stop teleportation journey
 67837 | Zot:3    | XOM: scenery: create altars
 67864 | Zot:3    | Reached skill level 18 in Poison Magic
 67870 | Zot:3    | XOM: cleaving
 68064 | Zot:3    | XOM: silly message
 68122 | Zot:4    | XOM: cast spell 'Metabolic Englaciation'
 68163 | Zot:4    | XOM: 1-stop teleportation journey
 68333 | Zot:4    | XOM: confuse monster(s)
 68381 | Zot:4    | XOM: potion effect (haste)
 68406 | Zot:4    | XOM: silly message
 68468 | Zot:4    | XOM: cast spell 'Summon Cactus Giant'
 68541 | Zot:4    | Reached skill level 19 in Poison Magic
 68640 | Zot:4    | XOM: silly message
 68904 | Zot:4    | XOM: noise
 69015 | Zot:1    | Killed an orb of fire
 69117 | Zot:1    | XOM: polymorph purple draconian shifter -> purple draconian
                  | shifter
 69163 | Zot:1    | XOM: give mutations
 69163 | Zot:1    | Lost mutation: Your flesh is cold resistant. (rC+) [Xom's
                  | mischief]
 69163 | Zot:1    | Lost mutation: Your mind is very acute. (Int +8, Str/Dex
                  | -2) [Xom's mischief]
 69354 | Zot:1    | Noticed an orb of fire
 69362 | Zot:1    | Killed an orb of fire
 69473 | Zot:1    | XOM: divination: magic mapping
 69475 | Zot:1    | XOM: fog
 69485 | Zot:1    | XOM: polymorph yellow draconian annihilator -> alligator
 69486 | Zot:1    | Reached skill level 20 in Poison Magic
 69540 | Zot:1    | XOM: give mutations
 69540 | Zot:1    | Lost mutation: Your mind is acute. (Int +4, Str/Dex -1)
                  | [Xom's mischief]
 69540 | Zot:1    | Lost mutation: You passively dampen the noise of your
                  | surroundings. [Xom's mischief]
 69574 | Zot:1    | XOM: summons 5 friendly demons
 69577 | Zot:1    | XOM: cleaving
 70026 | Zot:5    | Entered Level 5 of the Realm of Zot
 70089 | Zot:5    | XOM: fog
 70150 | Zot:5    | XOM: god gift: ring of poison resistance
 70216 | Zot:5    | Noticed an orb of fire
 70216 | Zot:5    | XOM: 1-stop teleportation journey
 70216 | Zot:5    | Noticed a Killer Klown
 70218 | Zot:5    | Noticed a Killer Klown
 70218 | Zot:5    | Noticed a Killer Klown
 70218 | Zot:5    | Noticed an orb of fire
 70219 | Zot:5    | Gained mutation: Your body sometimes deteriorates upon
                  | taking damage. [an orb of fire]
 70222 | Zot:5    | Got the Orb of Zot
 70223 | Zot:5    | Noticed an orb of fire
 70564 | D:10     | Gained mutation: You are clumsy. (Dex -2) [a cacodemon]
 70566 | D:10     | Lost mutation: Your spells are much harder to cast, but
                  | much more powerful. [a cacodemon]
 70680 | D:9      | Reached skill level 21 in Poison Magic
 70731 | D:6      | Reached XP level 26. HP: 142/142 MP: 38/42
 70825 | D:$      | Escaped with the Orb!

Illustrated notes

Levels and vault maps discovered:
D:1:      minmay_arrival_doors, layout_loops_ring,
          hellmonk_ecumenical_altar_dog_temple, hex_large
D:2:      layout_basic, serial_shops, shop_statue, st_stairs_10, minmay_between
D:3:      layout_basic, serial_shops, nicolae_shop_industrial_runoff,
          hellmonk_no_cap
D:4:      layout_basic, grunt_temple_overflow_order_and_chaos_2,
          serial_bayou_pond_a, uniq_natasha
D:5:      layout_basic, serial_shops, shop, nicolae_alphabet_shops
D:6:      layout_rooms, minmay_temple_entry_overgrown, ebering_ghost_rock_garden
D:7:      layout_basic, grunt_temple_overflow_growth_and_decay,
          grunt_decor_arrowhead, uniq_pikel
D:8:      layout_basic, serial_shops, shop, shop, shop, shop, shop,
          grunt_decor_junction, grunt_decor_one_mirror
D:9:      layout_basic, nicolae_uskayaw_dance_studio, dpeg_lair_monsters,
          uniq_jeremiah
D:10:     layout_roguey, amethyst_overflow_temple_binary,
          minmay_overflow_temple_hex, orc_0_dummy
D:11:     layout_stronghold
D:12:     layout_rooms, gauntlet_entry_generic, serial_shops, shop,
          kennysheep_mini, uniq_maurice
D:13:     layout_loops_corners, lightli_vaults_fourway_checkpoint
D:14:     layout_basic, hangedman_decor_lopped, nicolae_ru_awakened_eye,
          uniq_frances, uniq_snorg
D:15:     grunt_enter_depths_snipers, layout_rooms, serial_shops,
          nicolae_shop_statue_plus
Lair:1:   layout_regular_city, pdpol_lair_neglected_garden
Lair:2:   layout_hall_layers, hellmonk_spider_entry_not_the_bees, uniq_erica
Lair:3:   layout_gridlike, skrybe_swamp_entry_bodies, hibernation_bobbens,
          grunt_megastairs_5, uniq_rupert
Lair:4:   layout_loops_ring, dpeg_slime_entry_enclosed, grunt_megastairs_4,
          serial_bayou_shore_b
Lair:5:   hellmonk_lair_end_abyssal_woods, layout_loops_ring,
          gammafunk_ghost_icy, nicolae_lair_grazing_beasts
          [nicolae_sub_lair_graze_edge, nicolae_sub_lair_graze_edge,
          nicolae_sub_lair_graze_edge, nicolae_sub_lair_graze_edge]
Swamp:1:  layout_basic_swamp, evilmike_swamp_ruin_house_4, uniq_mlioglotl
Swamp:2:  layout_falls_marsh, serial_swamp_ruin, evilmike_swamp_ruin_house_1,
          evilmike_swamp_ruin_rubble_1, nicolae_swamp_long_stream,
          infiniplex_staircase_pool_2, uniq_nikola
Swamp:3:  layout_basic_swamp, portal_ice_cave_entry_frozen_things,
          nicolae_swamp_orc_logging_accident, infiniplex_staircase_pool
Swamp:4:  swamp_basic_johnstein, layout_basic_swamp, swamp_pool_1_2
Spider:1: layout_spider_delve
Spider:2: layout_cave_pods, nicolae_spider_webs_and_nodes,
          hangedman_spider_tarantella_strand
Spider:3: spider_temple_joshua, nicolae_spider_bug_shape
Spider:4: johnstein_spider_rune_arachne_lair, nicolae_spider_circle_web,
          spiders_nest_the_unseen, uniq_louise, uniq_kirke
Orc:1:    layout_caves
Orc:2:    st_orc_rangers, layout_caves, guppyfry_orc_lava_fort, uniq_sonja,
          uniq_nessos, uniq_erolcha
Elf:1:    eino_elf_arrival_altar, layout_geoelf_octagon,
          minmay_elf_annihilation, uniq_jorgrun
Elf:2:    elven_hall_of_blades_hangedman_alternative
          [nooodl_blade_entry_preview], layout_gridlike, serial_shops, shop,
          nicolae_elf_big_sculpture_1
Elf:3:    grunt_elf_hall_asides, layout_rooms, serial_shops,
          nicolae_shop_rolled_up, dreamdust_mushroom_princess, uniq_bai_suzhen,
          uniq_mara, uniq_aizul
Vaults:1: nicolae_vaults_security_offices_4, v_misc_2,
          nicolae_vaults_double_plus_3, v_misc_19, vaults_room_fours,
          nicolae_vaults_shrinking_rooms_2, nicolae_vaults_house_2,
          nicolae_vaults_closet_pinwheel_3, hangedman_vaults_stretched_pinwheel,
          nicolae_vaults_diagonal_hallway_7, nicolae_vaults_closet_pinwheel_4,
          nicolae_vaults_closet_pinwheel_3, vaults_mumra_lcd, layout_vaults_ring
Vaults:2: ontoclasm_vaults_gateway, nicolae_vaults_apartment_1, v_pattern_2,
          minmay_crypt_entry_simple_round, grunt_vaults_hallway_short,
          nicolae_vaults_rhombus_5, nicolae_vaults_alarming,
          nicolae_vaults_mini_display_case, layout_vaults_omnigrid,
          uniq_saint_roka
Vaults:3: nicolae_vaults_door_testing_chamber,
          nicolae_vaults_diagonal_hallway_8, nicolae_vaults_six-pack,
          nicolae_vaults_trapezoid_lopsided_1, dpeg_vaults_monster_row,
          nicolae_vaults_steering_wheel, v_misc_4, vaults_room_semicircle,
          v_misc_29, nicolae_vaults_diagonal_hallway_6,
          nicolae_vaults_double_plus_1, layout_vaults_maze_snakey, uniq_sojobo
Vaults:4: nicolae_vaults_tetromino_T_1, nicolae_vaults_house_1, v_misc_33,
          hangedman_vaults_trim, nicolae_vaults_corridor_and_loot_room,
          nicolae_vaults_wine_cellar, nicolae_vaults_frosty_reception,
          nicolae_vaults_cochlea, v_misc_27, hangedman_vaults_capsules,
          vaults_room_semicircle, v_alt_pattern_3, layout_vaults_omnicross,
          uniq_boris, uniq_norris
Vaults:5: serial_shops
Crypt:1:  layout_regular_city, skrybe_necro_troll_1, grunt_crypt_arrival_split
Crypt:2:  layout_basic, gammafunk_ghost_arena
Crypt:3:  quadcrypt_mu
Depths:1: layout_roguey, nicolae_sif_muna_condensation, abyss_entry_crystal,
          hell_entry, brannock_guarded_unrand_thermic_engine, grunt_megastairs_2
Depths:2: evilmike_library_of_no_secrets, layout_long_grid,
          rand_demon_pan_entry_4, grunt_qazlal_clouds, hell_entry
Depths:3: lemuel_castle_with_subvaults [lemuel_castle_interior_carwin_3],
          layout_cave_shapes, nicolae_abyss_entry_one_way_or_another,
          serial_bayou, serial_bayou_lagoon_b, serial_bayou_pond_b,
          serial_bayou_shore_b, serial_bayou_pond_e, serial_bayou_pond_c,
          grunt_hell_entry_dis_mu
Depths:4: grunt_crosshair, layout_gridlike, enter_ziggurat_a,
          nicolae_lava_and_water, hell_entry, enter_trove_5,
          eino_small_chamber_without_monster, nicolae_letterblocks
          [nicolae_letter_subblock, nicolae_letter_subblock,
          nicolae_letter_subblock, nicolae_letter_subblock,
          nicolae_letter_subblock, nicolae_letter_subblock,
          nicolae_letter_subblock, nicolae_letter_subblock,
          nicolae_letter_subblock, nicolae_letter_subblock,
          nicolae_letter_subblock, nicolae_letter_subblock,
          nicolae_letter_subblock, nicolae_letter_subblock,
          nicolae_letter_subblock, nicolae_letter_subblock,
          nicolae_letter_subblock, nicolae_letter_subblock,
          nicolae_letter_subblock, nicolae_letter_subblock,
          nicolae_letter_subblock, nicolae_letter_subblock,
          nicolae_letter_subblock, nicolae_letter_subblock,
          nicolae_letter_subblock], uniq_frederick
Zot:1:    layout_basic, st_stairs_4
Zot:2:    layout_gridlike, regret_index_zotdec_ex
Zot:3:    layout_misc_corridors
Zot:4:    layout_gridlike
Zot:5:    layout_misc_corridors, grunt_ministairs_13

Skill      XL: |  1  2  3  4  5  6  7  8  9 10 11 12 13 14 15 16 17 18 19 20 21 22 23 24 25 |
---------------+----------------------------------------------------------------------------+-----
Stealth        | 2 3 5 8 9 12 13 15 | 15.0
Dodging        | 4 5 7 9 13 14 15 17 18 19 20 | 20.9
Spellcasting   | 1 2 3 7 8 9 10 11 14 | 14.0
Unarmed Combat | 4 5 6 7 9 11 12 13 14 15 16 18 20 | 20.0
Fighting       | 5 7 9 10 12 13 14 15 16 | 16.2
Evocations     | 2 5 7 |  7.0
Hexes          | 10 | 10.0
Shapeshifting  | 6 10 13 16 | 16.0
Conjurations   | 5 6 |  6.0
Transmutations | 7 13 14 15 16 | 16.0
Earth Magic    | 3 4 |  4.0
Air Magic      | 4 6 7 |  7.0
Translocations | 9 12 | 12.0
Poison Magic   | 10 16 21 | 21.0

Action                     |  1- 3 |  4- 6 |  7- 9 | 10-12 | 13-15 | 16-18 | 19-21 | 22-24 | 25-27 || total
---------------------------+-------+-------+-------+-------+-------+-------+-------+-------+-------++-------
  Melee: Unarmed           |   102 |   181 |   167 |   667 |  1395 |  1297 |  1142 |  1341 |   353 ||  6645
         Bite              |     7 |    20 |    19 |   112 |   255 |   229 |   220 |   261 |    66 ||  1189
         Punch             |     4 |     9 |    12 |    56 |   160 |   155 |   143 |   244 |    73 ||   856
         Headbutt          |       |       |       |       |   315 |   421 |   381 |   426 |   109 ||  1652
         Maw               |       |       |       |       |   251 |   380 |       |       |       ||   631
   Cast: Confusing Touch   |       |       |       |    48 |   190 |    46 |       |       |       ||   284
         Irradiate         |       |       |       |       |    14 |    80 |    60 |    32 |    15 ||   201
         Petrify           |       |       |       |       |     7 |     6 |       |       |       ||    13
         Passwall          |       |       |       |       |       |       |     1 |       |     3 ||     4
         Vhi's Electric Ch |       |       |       |       |       |       |    43 |    50 |    28 ||   121
         Silence           |       |       |       |       |       |       |     5 |     3 |       ||     8
         Manifold Assault  |       |       |       |       |       |       |       |     2 |       ||     2
         Blink             |       |       |       |       |       |       |       |       |     1 ||     1
  Evoke: Wand              |       |       |     3 |    12 |    23 |    22 |    13 |       |     2 ||    75
         Box of beasts     |       |       |       |       |     3 |     5 |     2 |       |     1 ||    11
         Lightning rod     |       |       |       |       |     8 |     6 |     6 |       |       ||    20
         Tin of tremorston |       |       |       |       |       |     2 |     3 |     2 |       ||     7
    Use: Scroll            |     6 |     5 |     3 |     7 |    11 |    11 |     7 |     3 |     8 ||    61
         Potion            |       |     2 |     2 |     4 |    11 |     1 |     2 |       |     7 ||    29
   Stab: Sleeping          |     7 |    13 |     2 |    12 |    28 |    35 |    69 |    77 |    27 ||   270
         Confused          |       |       |     1 |    42 |   154 |    38 |       |     6 |       ||   241
         Invisible         |       |       |     4 |     7 |    15 |     3 |       |     7 |       ||    36
         Distracted        |       |       |     1 |     3 |     2 |     7 |    11 |     6 |     5 ||    35
         Petrifying        |       |       |       |     1 |     1 |     4 |       |       |       ||     6
         Betrayed ally     |       |       |       |       |     1 |     1 |       |       |     1 ||     3
         Petrified         |       |       |       |       |     2 |     5 |       |     1 |       ||     8
 Armour: Skin              |    29 |    70 |    51 |   170 |   404 |   386 |   357 |   436 |   100 ||  2003
  Dodge: Dodged            |    69 |   137 |   105 |   659 |  1937 |  1922 |  1441 |  2175 |   631 ||  9076
  Block: Other             |       |     5 |    27 |    57 |       |       |   148 |   275 |    72 ||   584
   Form: Maw               |       |       |       |       |     1 |       |       |       |       ||     1
         Blade             |       |       |       |       |       |     1 |     1 |       |       ||     2
                           |       |       |       |       |       |       |     1 |       |       ||     1
         Statue            |       |       |       |       |       |       |     1 |       |       ||     1

Table legend: (Time is in decaauts)
 A = Elapsed time spent in this place.
 B = Non-inter-level travel time spent in this place.
 C = Inter-level travel time spent in this place.
 D = Time resting spent in this place.
 E = Time spent auto-exploring this place.
 F = Levels seen in this place.
 G = Mean time per level.
                   A        B        C        D        E       F      G
               +--------+--------+--------+--------+--------+-----+--------+
         Total |  78288 |  69213 |   9075 |  11575 |  39066 |  53 | 1477.1 |
       Dungeon |  23705 |  18839 |   4866 |   3666 |  10908 |  15 | 1580.3 |
          Lair |   7419 |   6922 |    497 |   1042 |   3983 |   5 | 1483.8 |
         Swamp |   4455 |   4231 |    224 |   1213 |   1878 |   4 | 1113.8 |
   Spider Nest |   8767 |   8481 |    286 |   2010 |   4352 |   4 | 2191.8 |
  Orcish Mines |   2231 |   1892 |    339 |    497 |    743 |   2 | 1115.5 |
   Elven Halls |   4765 |   4326 |    439 |   1436 |   1643 |   3 | 1588.3 |
        Vaults |   9315 |   8629 |    686 |    896 |   5163 |   5 | 1863.0 |
         Crypt |   4090 |   3906 |    184 |     76 |   2615 |   3 | 1363.3 |
        Depths |   7866 |   6802 |   1064 |    637 |   4198 |   4 | 1966.5 |
           Zot |   5016 |   4531 |    485 |     84 |   3331 |   5 | 1003.2 |
         Trove |     95 |     95 |      0 |      0 |      0 |   1 |   95.0 |
      Ice Cave |     71 |     71 |      0 |     16 |      3 |   1 |   71.0 |
      Gauntlet |    489 |    489 |      0 |      0 |    246 |   1 |  489.0 |
               +--------+--------+--------+--------+--------+-----+--------+

Top non-repeatable levels by time:
Spider:3: 2902 daAuts
   Elf:3: 2873 daAuts
Spider:4: 2851 daAuts
     D:4: 2312 daAuts
Depths:3: 2275 daAuts
    D:11: 2240 daAuts
Vaults:5: 2238 daAuts
     D:9: 2179 daAuts
Depths:2: 2140 daAuts
 Crypt:3: 2066 daAuts
  Lair:5: 2055 daAuts
    D:13: 2054 daAuts
Vaults:4: 2004 daAuts
     D:8: 1973 daAuts
    D:14: 1918 daAuts

Table legend:
 A = Kills in this place as a percentage of kills in the entire game.
 B = Kills by you in this place as a percentage of kills by you in the entire game.
 C = Kills by friends in this place as a percentage of kills by friends in the entire game.
 D = Other kills in this place as a percentage of other kills in the entire game.
 E = Experience gained in this place as a percentage of experience gained in the entire game.
 F = Experience gained in this place divided by the number of levels of this place that you have seen.
                   A       B       C       D       E      F
               +-------+-------+-------+-------+-------+----------------------
         Total | 100.0 | 100.0 | 100.0 | 100.0 | 100.0 | 24910.6
       Dungeon |  16.7 |  16.9 |   4.3 |  16.7 |   6.3 | 5528.3
          Lair |   8.3 |   8.3 |   4.3 |  11.9 |   4.3 | 11379.2
         Swamp |   5.6 |   5.7 |   8.7 |   0.0 |   6.1 | 20003.8
   Spider Nest |  12.8 |  12.4 |  26.1 |  16.7 |   9.2 | 30510.5
  Orcish Mines |   5.2 |   4.7 |  10.9 |  26.2 |   1.0 | 6400.0
   Elven Halls |   6.7 |   6.6 |   6.5 |   9.5 |   8.4 | 36788.7
        Vaults |  16.7 |  16.8 |  17.4 |  11.9 |  22.2 | 58650.8
         Crypt |   9.2 |   9.5 |   2.2 |   2.4 |  10.9 | 48075.7
        Depths |  11.3 |  11.7 |   2.2 |   0.0 |  18.3 | 60430.5
           Zot |   6.7 |   6.6 |  17.4 |   0.0 |  12.7 | 33621.6
      Ice Cave |   0.5 |   0.4 |   0.0 |   2.4 |   0.3 | 4439.0
      Gauntlet |   0.4 |   0.4 |   0.0 |   2.4 |   0.3 | 3467.0
               +-------+-------+-------+-------+-------+----------------------
